 Dungeon Crawl Stone Soup version 0.25.1-4-g9407a263a5 (webtiles) character file.

Game seed: 1325611117362754427

1275420 Erymatos the Minotaur Barricade (level 27, -5/409 HPs)
             Began as a Minotaur Berserker on Nov 25, 2020.
             Was a High Priest of Trog.
             Killed from afar by an electric golem (24 damage)
             ... with a bolt of lightning
             ... on level 19 of a ziggurat on Nov 26, 2020.
             The game lasted 09:53:08 (149663 turns).

Erymatos the Minotaur Barricade (MiBe)            Turns: 149663, Time: 09:53:09

Health: -5/409     AC: 48    Str: 29    XL:     27
Magic:  0/52       EV: 25    Int: 11    God:    Trog [*****.]
Gold:   1540       SH: 36    Dex: 20    Spells: 26/26 levels left

rFire    + + +     SeeInvis +   V - +11 hand axe "Zeom" {vorpal, rC+ rN+ Str-5 Dex+5}
rCold    + + +     Gourm    .   P - +8 tower shield {rC+ rF+}
rNeg     + + +     Faith    .   K - +12 gold dragon scales
rPois    +         Spirit   +   (helmet unavailable)
rElec    .         Reflect  .   d - +2 cloak {rCorr}
rCorr    +         Harm     .   (no gloves)
MR       +++..     Rnd*Rage +   n - +1 pair of boots of Puynt {rF- MP+9 Int+5 Slay+3}
Stlth    ..........             z - amulet of Truth {Spirit rF+ rN+ MR-}
HPRegen  1.78/turn              i - ring "Omo Tacho" {rF++ rN+}
MPRegen  0.33/turn              t - ring of Ekonlo {Str+4 Slay+2 SInv}

@: mighty, berserking, flying (expiring), regenerating, very quick
A: retaliatory headbutt, horns 3, molten scales 1, berserk 1, clever 1, high mp
1
}: 9/15 runes: decaying, serpentine, slimy, silver, iron, obsidian, icy, bone,
abyssal
a: Berserk, Trog's Hand, Brothers in Arms, Renounce Religion


You were on level 19 of a ziggurat.
You worshipped Trog.
Trog was extremely pleased with you.
You were not hungry.

You visited 18 branches of the dungeon, and saw 88 of its levels.
You visited the Abyss 4 times.
You visited 1 ziggurat, and saw 19 of its levels.
You also visited: Trove, Ossuary and Bailey.

You collected 21604 gold pieces.
You spent 20064 gold pieces at shops.

Inventory:

Hand Weapons
 I - the +18 lance "Wyrmbane" {slay drac, rPois rF+ rC+ AC+3}
   (You found it on level 7 of Cocytus)

   It affects your AC (+3).
   It protects you from fire.
   It protects you from cold.
   It protects you from poison.
 V - the +11 hand axe "Zeom" (weapon) {vorpal, rC+ rN+ Str-5 Dex+5}
   (Trog gifted it to you on level 6 of Gehenna)

   It inflicts extra damage upon your enemies.
   It affects your strength (-5).
   It affects your dexterity (+5).
   It protects you from cold.
   It protects you from negative energy.
Armour
 d - a +2 cloak of preservation (worn)
 e - the +2 pair of boots "Jyuwny" {rElec MR++ Int+3 Dex+2}
   (You found it in a treasure trove)

   It affects your intelligence (+3).
   It affects your dexterity (+2).
   It insulates you from electricity.
   It affects your resistance to hostile enchantments.
 l - the +0 mask of the Dragon {MR+ Slay+3 SInv}
   (You found it in a treasure trove)

   It affects your accuracy and damage with ranged weapons and melee attacks
   (+3).
   It affects your resistance to hostile enchantments.
   It lets you see invisible.
 n - the +1 pair of boots of Puynt (worn) {rF- MP+9 Int+5 Slay+3}
   (You bought it in a shop on level 4 of the Depths)

   It affects your intelligence (+5).
   It affects your accuracy and damage with ranged weapons and melee attacks
   (+3).
   It makes you vulnerable to fire.
   It affects your magic capacity (+9).
 q - the +1 pair of gloves "Toacw" {Harm rPois Str+8 Dex-3}
   (You found it in a treasure trove)

   It affects your strength (+8).
   It affects your dexterity (-3).
   It protects you from poison.
   It increases damage dealt and taken.
 u - the +1 pair of gloves of Moral Flaws {rN+ Int+2}
   (You found it in a treasure trove)

   It affects your intelligence (+2).
   It protects you from negative energy.
 K - +12 gold dragon scales (worn)
 P - a +8 tower shield of resistance (worn)
 Y - a scarf of repulsion
Jewellery
 i - the ring "Omo Tacho" (left hand) {rF++ rN+}
   (You bought it in a shop on level 2 of the Orcish Mines)

   [ring of positive energy]

   It greatly protects you from fire.
   It protects you from negative energy.
 s - a +4 ring of slaying
 t - the ring of Ekonlo (right hand) {Str+4 Slay+2 SInv}
   (You found it on level 17 of a ziggurat)

   [ring of see invisible]

   It affects your strength (+4).
   It affects your accuracy and damage with ranged weapons and melee attacks
   (+2).
   It lets you see invisible.
 z - the amulet of Truth (around neck) {Spirit rF+ rN+ MR-}
   (You found it on level 7 of Gehenna)

   [amulet of guardian spirit]

   It causes incoming damage to be split between your health and magic.
   It protects you from fire.
   It protects you from negative energy.
   It affects your resistance to hostile enchantments.
 B - the ring "Daecwire" {+Fly rPois rC+}
   (You took it off a deep elf mage on level 1 of the Elven Halls)

   [ring of flight]

   It protects you from cold.
   It protects you from poison.
   It lets you fly.
 G - the ring of Zost {*Slow rPois MR+++ AC-4 Slay+3}
   (You found it on level 7 of Gehenna)

   [ring of protection]

   It affects your AC (-4).
   It affects your accuracy and damage with ranged weapons and melee attacks
   (+3).
   It protects you from poison.
   It affects your resistance to hostile enchantments.
   It may slow you when you take damage.
 H - the ring of Vuimesch {MR- MP+9 Str+7}
   (You found it on level 4 of the Lair of Beasts)

   [ring of magical power]

   It affects your strength (+7).
   It affects your resistance to hostile enchantments.
   It affects your magic capacity (+9).
 Q - the ring "Dojajefu" {rElec rCorr Str+7 Int-2}
   (You found it on level 4 of the Realm of Zot)

   [ring of resist corrosion]

   It affects your strength (+7).
   It affects your intelligence (-2).
   It insulates you from electricity.
   It provides partial protection from all sources of acid and corrosion.
 S - the amulet "Libbydo" {Reflect rElec rN+ MP+9 SH+5}
   (You took it off a deep elf master archer on level 3 of the Elven Halls)

   [amulet of reflection]

   It shields you and reflects attacks.
   It insulates you from electricity.
   It protects you from negative energy.
   It affects your magic capacity (+9).
   It affects your SH (+5).
 U - the ring "Jonkaq" {*Corrode rN+++ Int+6 Dex+5}
   (You found it on level 15 of a ziggurat)

   [ring of intelligence]

   It affects your intelligence (+6).
   It affects your dexterity (+5).
   It renders you almost immune to negative energy.
   It may corrode you when you take damage.
Wands
 k - a wand of clouds (16)
 F - a wand of digging (16)
Scrolls
 g - 40 scrolls of remove curse
 h - 29 scrolls of teleportation
 j - 2 scrolls of holy word
 w - 32 scrolls of identify
 y - 12 scrolls of magic mapping
 C - a scroll of enchant armour
 D - 3 scrolls of summoning
 E - 8 scrolls of enchant weapon
 J - 18 scrolls of blinking
 L - 14 scrolls of fog
 N - 15 scrolls of fear
 R - 3 scrolls of silence
Potions
 a - 5 potions of heal wounds
 b - 6 potions of mutation
 m - 12 potions of might
 o - 26 potions of curing
 p - 18 potions of lignification
 r - 4 potions of resistance
 v - 13 potions of stabbing
 x - 4 potions of ambrosia
 A - a potion of invisibility
 O - 8 potions of cancellation
 T - 13 potions of haste
Miscellaneous
 f - a phial of floods
 M - a tin of tremorstones (3/3)
Comestibles
 c - 60 rations


   Skills:
 O Level 27 Fighting
 O Level 27 Axes
   Level 22.8(27) Maces & Flails
 - Level 24.0(27) Polearms
 + Level 18.1 Throwing
 O Level 27 Armour
 O Level 27 Dodging
 O Level 27 Stealth
 O Level 27 Shields
   Level 13.7 Invocations
 O Level 27 Evocations


You had 26 spell levels left.
You didn't know any spells.
Your spell library was empty.

Dungeon Overview and Level Annotations

Branches:
Dungeon (15/15)            Temple (1/1) D:5            Lair (6/6) D:9
  Swamp (4/4) Lair:3        Snake (4/4) Lair:2        Slime (5/5) Lair:6
    Orc (2/2) D:9             Elf (3/3) Orc:2        Vaults (5/5) D:13
  Crypt (3/3) Vaults:3       Tomb (1/3) Crypt:3      Depths (5/5) D:15
   Hell (visited)             Dis (7/7) Hell            Geh (7/7) Hell
    Coc (7/7) Hell            Tar (7/7) Hell            Zot (5/5) Depths:5
Ossuary (visited)          Bailey (visited)

Altars:
Ashenzari
Cheibriados
Dithmenos
Elyvilon
Fedhas
Gozag
Hepliaklqana
Kikubaaqudgha
Makhleb
Nemelex Xobeh
Okawaru
Qazlal
Ru
Sif Muna
Trog
Uskayaw
Vehumet
Wu Jian
Xom
Yredelemnul
Zin
The Shining One
Jiyva

Shops:
D:5 *   D:10 }**!!   D:11 !   D:15 *=*   Orc:2 ?=[[   Elf:2 *   Snake:1 *
Snake:2 }=}   Snake:3 (!   Snake:4 [   Depths:4 }[[   Depths:5 [

Portals:
Hell: Depths:1 Depths:2 Depths:3 Depths:4 Depths:5
Abyss: Depths:4
Pandemonium: Depths:3 Depths:4 Depths:5

Annotations:
Snake:3 1 runed translucent door, Rururat's ghost, adept DsAK
Depths:5 3 runed translucent doors, Ito Onor's ghost, veteran TeAE


Innate Abilities, Weirdness & Mutations

You reflexively headbutt those who attack you in melee.
You have a pair of large horns on your head.
You are partially covered in molten scales. (AC +2)
You tend to lose your temper in combat.
Your mind is acute. (Int +2)
You have an increased reservoir of magic. (+10% MP)


Message History

The bolt of lightning hits the shock serpent.
The shock serpent completely resists.
The bolt of lightning misses you. You block the raiju's attack.
You slice the shock serpent!!
You kill the shock serpent!
Trog accepts your kill.
You slice the raiju!!
The air sparks with electricity, shocking you!
* * * LOW HITPOINT WARNING * * *
You slash the electric golem!
You are engulfed in raging winds.
The raiju dies!
* * * LOW HITPOINT WARNING * * *
The insubstantial wisp is destroyed!
The winds around the air elemental start to calm down.
The electric golem blinks!
The shock serpent's electric aura discharges, shocking the air elemental!
The air elemental completely resists.
The electric golem hurls lightning at you.
The bolt of lightning hits you!!
You die...

.≈≈≈.........≈§§§§§§§.
.§8§.........≈8§§§§§§...
.≈≈§.........§§§§§§§§§..
...§..........§§§C§§§§..
..............Ci§CC§§§:=
..............§8i§§§§§}:
..............§§§E8§§§8∩
..............§EC§§S§§=>
..............§§@§§§§§)∩
..............§8§§§§§)?}
.....................(??
........................
.≈≈≈.........≈§§........
.§8≈.........≈8≈........
.≈§§.........≈≈≈.......▓
.... ..............▓▓


You could see 4 electric golems, 5 titans, a shock serpent, 2 spriggan air magi
and 2 air elementals.

Vanquished Creatures
  Asmodeus (Geh:7)
  Antaeus (Coc:7)
  the Royal Jelly (Slime:5)
  Ereshkigal (Tar:7)
  the Serpent of Hell (Tar:7)
  Dispater (Dis:7)
  9 orbs of fire
  Mara (Crypt:1)
  5 ancient liches
  2 juggernauts (Depths:4)
  2 greater mummies (Tomb:1)
  Margery (Vaults:2)
  8 Killer Klowns
  16 shard shrikes
  Frederick (Vaults:3)
  Saint Roka (Elf:3)
  2 curse toes
  Geryon (Hell)
  18 golden dragons
  A caustic shrike (Depths:4)
  Xtahua (Vaults:5)
  A profane servitor (Abyss:1)
  3 electric golems
  96 Tzitzimimeh
  50 bone dragons
  63 Brimstone Fiends
  26 doom hounds
  Jorgrun (D:13)
  A hellephant (Zig:14)
  7 iron giants
  25 Orb Guardians (Zot:5)
  15 Hell Sentinels
  34 tentacled monstrosities
  11 quicksilver dragons
  4 deep elf blademasters
  20 Ice Fiends
  24 liches
  19 acid blobs
  5 deep elf master archers
  7 titans
  15 death cobs
  An eldritch tentacle (Zot:5)
  38 tentacled starspawn
  4 Executioners
  Frances (D:13)
  13 sphinxes
  The ghost of Cykl0x the Fencer, an adept FoFi of the Shining One (Depths:2)
  27 shadow dragons
  A shadow dragon (shapeshifter) (Zig:3)
  17 ancient champions
  5 thorn hunters
  17 nagarajas
  6 tengu reavers
  17 storm dragons
  3 revenants
  5 azure jellies
  10 draconian monks
  18 fire giants
  A draconian knight (Zot:5)
  10 deep elf sorcerers
  24 balrugs
  22 iron dragons
  30 vault wardens
  4 ghost moths
  Aizul (Elf:3)
  12 frost giants
  8 ghouls
  3 curse skulls
  A caustic shrike zombie (Zig:11)
  10 cacodemons
  5 deep elf elementalists
  5 draconian shifters
  7 draconian scorchers
  The ghost of Thomus the Severer, a journeyman HOFi of Okawaru (Orc:2)
  8 draconian stormcallers
  3 spriggan defenders
  A juggernaut zombie (Hell)
  38 very ugly things
  An ophan (Abyss:1)
  2 elemental wellsprings (Coc:7)
  21 ironheart preservers
  4 entropy weavers
  22 war gargoyles
  5 draconian annihilators
  138 reapers
  19 stone giants
  9 deep elf demonologists
  12 vampire knights
  192 starcursed masses
  2 corrupters
  The ghost of Mobucwat the Peltast, a journeyman GrFi of Okawaru (D:13)
  8 deep elf annihilators
  2 bennus (Tomb:1)
  9 green draconians
  16 purple draconians
  13 white draconians
  8 black draconians
  12 yellow draconians
  14 red draconians
  6 lorocyprocas
  5 dire elephants
  The ghost of DildoBatman the Geomancer, a journeyman FoWz of Gozag (Orc:2)
  6 spark wasps
  13 deep elf death magi
  7 eidola
  16 ettins
  12 fire dragons
  23 blizzard demons
  A fire dragon (shapeshifter) (Depths:2)
  The ghost of KamiKatze the Devastator, a journeyman DECj of Vehumet (Lair:6)
  6 green deaths
  8 quicksilver dragon zombies
  4 mummy priests (Tomb:1)
  12 jiangshi
  4 kraken zombies
  2 spectral krakens (Tar:7)
  The ghost of Erymatos the Severer, a journeyman MiBe of Trog (D:11)
  14 deep elf high priests
  17 rakshasas
  11 death oozes
  19 yaktaur captains
  38 vault guards
  14 great orbs of eyes
  40 ice dragons
  12 naga warriors
  22 hydras
  6 ghost crabs
  2 hell beasts
  4 centaur warriors
  6 shambling mangroves
  Harold (D:7)
  A catoblepas (Lair:6)
  3 spriggan air magi
  10 quicksilver dragon skeletons
  26 dancing weapons
  2 anacondas (shapeshifter) (Zig:15)
  9 anacondas
  5 death knights
  13 ogre magi
  44 two-headed ogres
  A queen ant (shapeshifter) (Zig:15)
  10 tengu warriors
  18 vampire magi
  23 alligators
  4 deep troll shamans
  4 death yaks (Lair:6)
  2 death scarabs (Tomb:1)
  12 titan zombies
  61 hell hogs
  A death yak (shapeshifter) (Vaults:5)
  3 deep troll earth magi
  30 soul eaters
  21 spriggans
  40 thrashing horrors
  29 sun demons
  15 storm dragon zombies
  7 shock serpents
  78 large abominations
  71 hell knights
  An orc high priest (Zig:4)
  38 wretched stars
  11 titan skeletons
  16 deep elf knights
  20 iron golems
  7 spriggan berserkers
  A fire crab (Geh:4)
  5 sixfirhies
  9 naga sharpshooters
  2 salamander mystics
  19 iron trolls
  165 skeletal warriors
  5 shadow wraiths
  11 spatial maelstroms
  7 storm dragon skeletons
  14 glowing orange brains
  A spark wasp zombie (Hell)
  15 anaconda zombies
  3 unseen horrors
  9 ghost moth zombies
  12 golden dragon zombies
  4 wizards
  15 deep trolls
  A naga ritualist (Snake:1)
  2 death drakes
  10 sea snakes
  4 obsidian statues
  47 shadow demons
  5 tengu zombies
  41 flayed ghosts
  3 spriggan druids
  An infernal demonspawn (Depths:5)
  22 ironbrand convokers
  11 swamp dragons
  6 deep elf archers
  2 orange crystal statues
  An iron giant skeleton (Crypt:1)
  10 anaconda skeletons
  8 iron dragon zombies
  31 phantasmal warriors
  66 deep elf magi
  22 orc knights
  24 ugly things
  4 wolf spiders
  9 golden dragon skeletons
  9 shining eyes
  29 necromancers
  23 frost giant zombies
  27 stone giant zombies
  7 orc sorcerers
  An orb spider (Zig:1)
  A tengu skeleton (Vaults:5)
  6 mana vipers
  13 wolf spider zombies
  5 oklob plants
  2 manticores
  2 salamanders (shapeshifter)
  11 salamanders
  10 shadow dragon zombies
  6 shadow dragon skeletons
  15 frost giant skeletons
  16 fire giant zombies
  7 iron dragon skeletons
  93 slime creatures
  18 worldbinders
  5 cyclopes
  31 moths of wrath
  Maurice (D:13)
  7 spriggan zombies
  2 elephants (shapeshifter)
  A cyclops (shapeshifter) (Zig:15)
  14 guardian serpents
  A black mamba (shapeshifter) (Zig:18)
  6 apocalypse crabs
  Joseph (D:9)
  2 titan simulacra
  28 black mambas
  22 fire giant skeletons
  27 smoke demons
  14 elephants
  A shock serpent zombie (Geh:3)
  2 water nymphs (Abyss:3)
  17 spiny frogs
  74 rust devils
  18 naga magi
  15 stone giant skeletons
  15 dire elephant zombies
  8 molten gargoyles
  9 vault sentinels
  5 orange demons
  5 gargoyles
  4 ice statues
  A torpor snail (Lair:4)
  Psyche (D:9)
  5 spectral swamp worms (Tar:7)
  6 emperor scorpion zombies
  2 shock serpent skeletons
  A rime drake (shapeshifter) (Zig:18)
  7 komodo dragons
  A kobold demonologist (Abyss:1)
  79 hellions
  65 freezing wraiths
  A swamp worm zombie (Crypt:1)
  A yaktaur zombie (Vaults:4)
  3 rime drakes
  15 efreet
  5 catoblepas zombies
  64 ice devils
  A red draconian zombie (Coc:7)
  A minotaur skeleton (Crypt:2)
  10 dire elephant skeletons
  An anaconda simulacrum (Hell)
  A komodo dragon (shapeshifter) (D:15)
  65 yaktaurs
  93 tormentors
  34 ancient zymes
  4 harpy zombies
  8 silent spectres
  A ghost moth simulacrum (Abyss:5)
  3 hellwings
  5 guardian mummies (Tomb:1)
  44 red devils
  4 catoblepas skeletons
  3 demonic crawlers
  A pale draconian skeleton (Crypt:1)
  A merfolk (shapeshifter) (Vaults:5)
  2 queen bees (shapeshifter)
  21 hydra zombies
  3 tengu conjurers
  A troll (shapeshifter) (Vaults:4)
  3 jumping spiders (shapeshifter)
  A yaktaur skeleton (Vaults:1)
  2 jumping spiders
  6 tyrant leeches
  A meliai (shapeshifter) (Vaults:2)
  38 small abominations
  2 hornets (shapeshifter) (D:15)
  37 hornets
  10 trolls
  3 meliai (D:15)
  Prince Ribbit (D:7)
  18 ettin zombies
  6 harpy skeletons
  10 hydra skeletons
  22 bog bodies
  A frost giant simulacrum (Abyss:1)
  Grinder (D:6)
  A raiju (shapeshifter) (Zig:14)
  6 fire dragon zombies
  18 blink frogs
  13 ice dragon zombies
  2 stone giant simulacra (Coc:7)
  95 raiju
  A wolf spider simulacrum (Coc:7)
  2 deep troll zombies
  15 alligator zombies
  4 hippogriffs
  A fire giant simulacrum (Coc:7)
  A human simulacrum (Vaults:4)
  9 air elementals
  4 snapping turtles (D:13)
  2 redbacks (shapeshifter)
  5 redbacks
  9 black mamba zombies
  254 flying skulls
  2 alligator skeletons
  20 fire dragon skeletons
  61 shadows
  17 water elementals
  8 ynoxinuls
  18 ettin skeletons
  A spriggan (shapeshifter) (Vaults:2)
  9 humans (Zot:3)
  36 yaks
  7 ice dragon skeletons
  4 vampires
  3 ushabtiu (Tomb:1)
  15 chaos spawn
  81 wraiths
  A yak (shapeshifter) (D:14)
  6 fire bats
  3 wyverns
  2 dire elephant simulacra
  5 basilisks
  34 fire elementals
  Grum (D:11)
  A basilisk (shapeshifter) (Vaults:3)
  4 black mamba skeletons
  11 neqoxecs
  5 golden eyes
  A steam dragon (shapeshifter) (Zig:15)
  27 vampire mosquitoes
  10 hungry ghosts
  Menkaure (D:7)
  12 swamp worms
  2 merfolk zombies
  24 insubstantial wisps
  32 spatial vortices
  A monstrous demonspawn zombie (Geh:4)
  3 wargs
  A glowing shapeshifter zombie (Crypt:1)
  6 spiny frog zombies
  A naga (shapeshifter) (D:10)
  54 nagas
  Duvessa (D:7)
  A soldier ant (D:11)
  3 acid dragons
  A hydra simulacrum (Coc:7)
  129 hell hounds
  9 water moccasins
  A floating eye (Depths:4)
  A merfolk skeleton (Tar:1)
  10 porcupines
  An ogre skeleton (Vaults:1)
  18 swamp drakes
  7 sky beasts
  14 eyes of draining
  23 ogres
  48 orc warriors
  An ettin simulacrum (Vaults:1)
  14 phantoms
  4 black bears
  79 necrophages
  8 ice beasts
  An ice dragon simulacrum (Coc:7)
  4 manticore zombies
  An eye of draining (shapeshifter) (Zig:15)
  11 human zombies
  14 snapping turtle zombies
  3 spiny frog skeletons
  6 swamp dragon zombies
  8 boggarts
  15 wolves
  24 centaurs
  A lindwurm skeleton (Crypt:2)
  3 manticore skeletons
  2 snapping turtle skeletons
  A crocodile (shapeshifter) (Depths:2)
  10 crocodiles
  2 big kobolds (D:8)
  An elf zombie (Dis:1)
  22 bullfrogs
  3 elf skeletons
  6 earth elementals
  A deep troll simulacrum (Vaults:3)
  A spiny frog simulacrum (Coc:7)
  Dowan (D:7)
  A scorpion (D:12)
  3 troll zombies
  159 wights
  A polar bear skeleton (Crypt:1)
  3 howler monkeys
  6 electric eels
  6 crimson imps
  A centaur zombie (Dis:6)
  4 jellies (Lair:6)
  15 orc priests
  3 quasits (Abyss:3)
  A black bear zombie (Crypt:2)
  A gnoll shaman (D:7)
  A soldier ant zombie (Crypt:1)
  7 centaur skeletons
  6 hounds
  17 orc wizards
  2 bullfrog skeletons
  96 iron imps
  A black bear skeleton (Crypt:1)
  3 iguanas
  15 worker ants
  2 human skeletons
  3 big kobold zombies (Ossuary)
  3 naga zombies
  An ogre zombie (Dis:1)
  A crocodile skeleton (Crypt:2)
  A hound zombie (Ossuary)
  2 hound skeletons
  33 mummies
  2 howler monkey zombies
  3 worker ant zombies
  12 gnolls
  A steam dragon zombie (Crypt:1)
  An adder (shapeshifter) (Depths:2)
  19 adders
  30 shadow imps
  12 white imps
  An ooze (D:1)
  An ufetubus (Abyss:2)
  An adder zombie (Ossuary)
  An adder skeleton (D:5)
  An iguana skeleton (Crypt:2)
  6 worms
  A barachi skeleton (Crypt:2)
  2 dart slugs
  9 leopard geckos
  100 orcs
  2 ball pythons
  7 giant cockroaches
  A giant cockroach (shapeshifter) (Depths:2)
  9 goblins
  2 hobgoblins
  18 jackals
  7 quokkas
  11 bats
  5 frilled lizards
  A goblin zombie (Ossuary)
  4 hobgoblin zombies
  11 kobolds
  5 kobold zombies
  A leopard gecko skeleton (D:4)
  4 orc zombies
  4 rats
  7 briar patches (Swamp:3)
  9 crawling corpses
  11 fungi
  3 lurking horrors
  14 plants
  52 starspawn tentacles
  7 tentacles
6631 creatures vanquished.

Vanquished Creatures (collateral kills)
  A curse toe (Zig:16)
  A golden dragon (Depths:4)
  Nikola (Snake:4)
  An iron giant (Zig:11)
  A Hell Sentinel (Dis:7)
  Rupert (D:13)
  3 liches
  A quicksilver dragon (Dis:2)
  A deep elf blademaster (Elf:3)
  A thorn hunter (Swamp:4)
  The ghost of Jusan the Brawler, an adept TrMo of Nemelex Xobeh (Depths:1)
  A sphinx (Zig:15)
  A storm dragon (Depths:4)
  A nagaraja (Snake:4)
  An iron dragon (Depths:4)
  3 fire giants
  A large abomination (Depths:4)
  A juggernaut zombie (Zig:11)
  A cacodemon (Depths:2)
  2 deep elf sorcerers (Elf:3)
  2 frost giants (Depths:4)
  Louise (Swamp:3)
  A very ugly thing (Depths:4)
  8 reapers
  2 stone giants
  A spriggan defender (Depths:4)
  3 deep elf demonologists (Elf:3)
  A green draconian (Zot:5)
  A vampire knight (Zig:16)
  A deep elf annihilator (Elf:3)
  A white draconian (Zot:5)
  4 small abominations
  A spark wasp (Depths:4)
  An ettin (Depths:2)
  A mummy priest (Tomb:1)
  A deep elf death mage (Elf:3)
  A death ooze (Slime:5)
  2 blizzard demons
  3 fire dragons
  3 rakshasas (Depths:4)
  2 yaktaur captains (Depths:4)
  2 great orbs of eyes
  A vault guard (D:13)
  A spriggan air mage (Depths:2)
  An ice dragon (Depths:4)
  7 hydras
  A naga warrior (Zig:12)
  An ogre mage (Depths:4)
  4 death scarabs (Tomb:1)
  6 dancing weapons (Elf:2)
  3 vampire magi
  A hell hog (Hell)
  2 naga sharpshooters
  5 titan zombies
  6 iron golems
  2 shock serpents
  2 deep elf knights
  2 spriggan berserkers
  2 storm dragon zombies
  2 skeletal warriors
  An iron troll (Dis:2)
  A swamp dragon (Swamp:4)
  2 golden dragon skeletons (Zig:16)
  2 glowing orange brains (Depths:4)
  4 flayed ghosts
  A golden dragon zombie (Zig:17)
  4 shadow demons (Tar:7)
  An orc knight (Orc:2)
  A necromancer (Hell)
  A wizard (Depths:2)
  A wolf spider zombie (Dis:2)
  4 tengu zombies
  2 sphinx zombies
  A sphinx skeleton (Zig:17)
  A stone giant zombie (Geh:1)
  8 deep elf magi
  A manticore (shapeshifter) (Depths:4)
  A tengu skeleton (Zig:16)
  A rust devil (Zig:11)
  An elephant (shapeshifter) (Depths:2)
  A dire elephant zombie (Dis:2)
  A hellion (Geh:5)
  A yaktaur zombie (Hell)
  A yaktaur (shapeshifter) (Depths:2)
  A spiny frog (shapeshifter) (Depths:4)
  6 freezing wraiths
  A komodo dragon (Lair:4)
  3 red devils
  A guardian mummy (Tomb:1)
  A tengu conjurer (D:13)
  An efreet (Geh:5)
  3 tormentors
  A silent spectre (Zig:16)
  2 ice devils
  A hydra zombie (Coc:7)
  An ettin zombie (Geh:5)
  3 slime creatures
  7 flying skulls
  A shadow (Geh:5)
  2 wraiths (Geh:5)
  A yak (Lair:4)
  A ynoxinul (Abyss:1)
  An elf zombie (Zig:17)
  A hungry ghost (Zig:17)
  3 nagas
  A water moccasin (Lair:4)
  A hell hound (Dis:7)
  2 swamp drakes (Swamp:1)
  13 orc warriors
  12 starcursed masses (Abyss:1)
  A snapping turtle zombie (Geh:1)
  A black bear (shapeshifter) (Depths:2)
  A boggart (shapeshifter) (Depths:2)
  2 necrophages (Zig:16)
  A wolf (Lair:4)
  An ogre (Orc:2)
  3 centaurs
  3 boggarts (Depths:2)
  A crocodile (Lair:4)
  3 wights (Geh:5)
  An electric eel (Lair:4)
  A jelly (D:13)
  An iron imp (Zig:11)
  2 orc wizards
  A worker ant (D:13)
  A gnoll (Orc:2)
  A shadow imp (Zig:16)
  13 orcs
  2 macabre masses (Depths:4)
  2 starspawn tentacles (Abyss:1)
273 creatures vanquished.

Vanquished Creatures (others)
  A Tzitzimitl (Tar:7)
  2 titans (Zig:19)
  3 storm dragons
  An elemental wellspring (Coc:7)
  A shambling mangrove (Zig:9)
  A rakshasa (Abyss:1)
  A spriggan air mage (Zig:19)
  An anaconda (Snake:4)
  A hell hog (Geh:4)
  A shock serpent (Zig:19)
  An ugly thing (Vaults:5)
  A black mamba (Snake:4)
  A jumping spider (Vaults:5)
  A slime creature (Zig:9)
  5 raiju
  A frost giant simulacrum (Vaults:3)
  A wraith (Geh:7)
  A neqoxec (Zig:14)
  An insubstantial wisp (Zig:19)
  3 nagas (Snake:4)
  An orc warrior (Vaults:3)
  A necrophage (Dis:1)
  3 wights
  A small abomination (Zig:18)
  A shadow imp (Tar:5)
  2 orcs (D:13)
  3 briar patches
  14 bushes (Abyss:5)
  15 demonic plants (Abyss:5)
  6 fungi
  3 lurking horrors
  13 plants
  55 starspawn tentacles
  15 tentacles
  3 withered plants (Crypt:3)
165 creatures vanquished.

Grand Total: 7069 creatures vanquished

Notes
Turn   | Place    | Note
-------+----------+-------------------------------------------
     0 | D:1      | Erymatos the Minotaur Berserker began the quest for the
                  | Orb.
     0 | D:1      | Reached XP level 1. HP: 19/19 MP: 0/0
   182 | D:1      | Reached XP level 2. HP: 27/27 MP: 1/1
   679 | D:2      | Found a sacrificial altar of Ru.
   745 | D:2      | Reached XP level 3. HP: 33/33 MP: 2/2
   746 | D:2      | You fall into a shaft and drop 1 floor!
   746 | D:3      | Found a faded altar of an unknown god.
   752 | D:3      | Reached ** piety under Trog
  1232 | D:3      | Reached XP level 4. HP: 17/41 MP: 3/3
  1237 | D:3      | Reached skill level 5 in Axes
  1940 | D:3      | Reached XP level 5. HP: 46/47 MP: 4/4
  2490 | D:4      | Noticed an ice beast
  2498 | D:4      | Killed an ice beast
  2498 | D:4      | Reached skill level 5 in Fighting
  2498 | D:4      | Reached XP level 6. HP: 32/56 MP: 5/5
  2734 | D:4      | Reached skill level 1 in Stealth
  3585 | D:4      | Reached XP level 7. HP: 54/61 MP: 6/6
  3654 | D:5      | Entered Level 5 of the Dungeon
  3896 | D:5      | Reached *** piety under Trog
  3940 | D:5      | Found a staircase to the Ecumenical Temple.
  4205 | D:5      | Found a glowing golden altar of the Shining One.
  4638 | D:5      | Found Imofoop's Assorted Antiques.
  5066 | D:6      | Reached skill level 5 in Dodging
  5240 | D:6      | Reached XP level 8. HP: 70/70 MP: 7/7
  5288 | D:6      | Found a glowing drain.
  5527 | D:6      | Noticed Grinder
  5536 | D:6      | Killed Grinder
  5929 | D:7      | Reached skill level 10 in Axes
  6512 | D:7      | Reached XP level 9. HP: 72/79 MP: 8/8
  6519 | D:7      | Found a shattered altar of Ashenzari.
  6716 | D:7      | Noticed Harold
  6731 | D:7      | Killed Harold
  7006 | D:7      | Noticed Prince Ribbit
  7019 | D:7      | Killed Prince Ribbit
  7039 | D:7      | Noticed Dowan
  7040 | D:7      | Noticed Duvessa
  7041 | D:7      | Noticed Menkaure
  7044 | D:7      | Killed Dowan
  7047 | D:7      | Killed Duvessa
  7050 | D:7      | Killed Menkaure
  7050 | D:7      | Reached **** piety under Trog
  7053 | D:7      | Reached skill level 1 in Shields
  7066 | D:7      | Got a bloodstained leather armour
  7077 | D:7      | Identified the +3 leather armour of Kiwom {*Slow MP+9
                  | Dex+4} (You found it on level 7 of the Dungeon)
  7233 | D:8      | Found a shadowy altar of Dithmenos.
  7248 | D:8      | Found a sand-covered staircase.
  7256 | Ossuary  | Entered an ossuary
  7647 | D:8      | Reached XP level 10. HP: 77/88 MP: 9/9
  7839 | D:8      | Reached skill level 5 in Armour
  8560 | D:9      | Reached ***** piety under Trog
  8923 | D:9      | Found a staircase to the Lair.
  9213 | D:9      | Noticed Joseph
  9224 | D:9      | Killed Joseph
  9321 | D:9      | Found a blossoming altar of Fedhas.
  9321 | D:9      | Found a white marble altar of Elyvilon.
  9322 | D:9      | Noticed Psyche
  9344 | D:9      | Killed Psyche
  9410 | D:9      | Found a staircase to the Orcish Mines.
  9527 | Lair:1   | Entered Level 1 of the Lair of Beasts
  9790 | Lair:1   | Noticed a spiny frog
  9802 | Lair:1   | Killed a spiny frog
 10422 | Lair:2   | Noticed a black mamba
 10429 | Lair:2   | Killed a black mamba
 10587 | Lair:2   | Noticed a black mamba
 10591 | Lair:2   | Killed a black mamba
 10591 | Lair:2   | Reached XP level 11. HP: 93/97 MP: 10/10
 10958 | Lair:2   | Found a staircase to the Snake Pit.
 11315 | Lair:3   | Noticed a six-headed hydra
 11325 | Lair:3   | Killed a two-headed hydra
 11925 | Lair:3   | Found a staircase to the Swamp.
 11935 | Lair:3   | Reached skill level 10 in Fighting
 12677 | Lair:3   | Reached skill level 10 in Armour
 12933 | Lair:4   | Noticed a six-headed hydra
 12948 | Lair:4   | Killed a four-headed hydra
 13173 | Lair:4   | Reached XP level 12. HP: 88/110 MP: 11/11
 13451 | Lair:4   | Found the +11 plutonium sword {*Contam Stlth-}
 13866 | Lair:4   | Noticed a six-headed hydra
 13873 | Lair:4   | Killed a two-headed hydra
 14029 | Lair:4   | Got a coiled granite ring
 14389 | Lair:4   | Reached skill level 5 in Shields
 14391 | Lair:4   | Reached skill level 15 in Axes
 14601 | Lair:4   | Noticed a seven-headed hydra
 14610 | Lair:4   | Killed a one-headed hydra
 14948 | Lair:4   | Identified the ring of Vuimesch {MR- MP+9 Str+7} (You found
                  | it on level 4 of the Lair of Beasts)
 15676 | Lair:5   | Noticed a five-headed hydra
 15685 | Lair:5   | Killed a one-headed hydra
 15792 | Lair:5   | Received a gift from Trog
 15937 | Lair:5   | Reached XP level 13. HP: 77/119 MP: 12/12
 16905 | Orc:1    | Entered Level 1 of the Orcish Mines
 17046 | Orc:2    | Entered Level 2 of the Orcish Mines
 17395 | Orc:2    | Paralysed by an orc sorcerer for 7 turns
 17494 | Orc:2    | Found a staircase to the Elven Halls.
 17994 | Orc:2    | Found a runed translucent gate.
 17994 | Orc:2    | Found a runed translucent gate.
 17994 | Orc:2    | Found a runed translucent gate.
 17994 | Orc:2    | Noticed DildoBatman's ghost (journeyman FoWz)
 17995 | Orc:2    | Noticed Thomus's ghost (journeyman HOFi)
 18482 | Orc:2    | Found Maereod's Jewellery Shop.
 18482 | Orc:2    | Found Mont's Armour Shoppe.
 18484 | Orc:2    | Found Agilian's Armour Emporium.
 18486 | Orc:2    | Found Ihioku's Magic Scroll Boutique.
 18490 | Orc:2    | Bought the ring "Omo Tacho" {rF++ rN+} for 756 gold pieces
 18507 | Orc:2    | Bought a +2 plate armour of poison resistance for 518 gold
                  | pieces
 18585 | Orc:2    | Killed DildoBatman's ghost
 19127 | Orc:2    | Killed Thomus's ghost
 19385 | Orc:1    | Found a burning altar of Makhleb.
 19579 | Orc:1    | Got a pitted whip
 19580 | Orc:1    | Identified the +5 whip of Hepliaklqana's Favour {vorpal,
                  | Dex+4} (You found it on level 1 of the Orcish Mines)
 19774 | D:10     | Entered Level 10 of the Dungeon
 19905 | D:10     | Found Odolyocw's Distillery.
 20057 | D:10     | Found Usoewalumeh's Distillery.
 20222 | D:10     | Found Meag's Assorted Antiques.
 20398 | Orc:2    | Bought a +2 pair of gloves of dexterity for 344 gold pieces
 20584 | D:10     | Found Etetot's Gadget Shop.
 20694 | D:10     | Found Bece's General Store.
 20699 | D:10     | Bought a scroll of identify for 26 gold pieces
 20699 | D:10     | Bought a scroll of identify for 26 gold pieces
 20939 | D:11     | Found Resugiy's Distillery.
 21507 | D:11     | Found a transporter.
 21507 | D:11     | Noticed Erymatos's ghost (journeyman MiBe)
 21512 | D:11     | Noticed Grum
 21524 | D:11     | Killed Grum
 21529 | D:11     | Found a transporter.
 21945 | D:11     | Killed Erymatos's ghost
 22027 | D:11     | Got a sparkling jade ring
 22041 | D:11     | Identified the ring "Enoaruto" {+Fly Int+9} (You found it
                  | on level 11 of the Dungeon)
 22653 | D:13     | Noticed Jorgrun
 22674 | D:13     | Killed Jorgrun
 22674 | D:13     | Received a gift from Trog
 22674 | D:13     | Reached XP level 14. HP: 107/130 MP: 13/13
 22891 | D:13     | Found a flagged portal.
 22925 | Bailey   | Entered a bailey
 23643 | D:13     | Noticed Rupert
 23662 | D:13     | Killed Rupert
 23720 | D:13     | Paralysed by fainting for 10 turns
 23749 | D:13     | Paralysed by fainting for 8 turns
 23956 | D:13     | Found a gate to the Vaults.
 23985 | D:13     | Reached skill level 15 in Armour
 23985 | D:13     | Reached skill level 10 in Dodging
 24139 | D:13     | Noticed Frances
 24150 | D:13     | Killed Frances
 25149 | D:13     | Found a runed translucent gate.
 25150 | D:13     | Found a runed translucent gate.
 25150 | D:13     | Found a runed translucent gate.
 25150 | D:13     | Noticed a lich
 25151 | D:13     | Found an ancient bone altar of Kikubaaqudgha.
 25151 | D:13     | Noticed a lich
 25151 | D:13     | Noticed a lich
 25151 | D:13     | Noticed Mobucwat's ghost (journeyman GrFi)
 25151 | D:13     | Noticed a lich
 25174 | D:13     | Identified 2 scrolls of acquirement
 25216 | D:13     | Noticed Maurice
 25220 | D:13     | Paralysed by Maurice for 2 turns
 25233 | D:13     | Killed Maurice
 26290 | D:15     | Entered Level 15 of the Dungeon
 26542 | D:15     | Reached XP level 15. HP: 139/139 MP: 14/14
 26546 | D:15     | Reached skill level 15 in Fighting
 26778 | D:15     | Found Simon's Jewellery Shoppe.
 26794 | D:15     | Found a staircase to the Depths.
 27141 | D:15     | Found Meiptiga's General Store.
 27150 | D:15     | Found Ixagi's General Store.
 27156 | D:15     | Bought a potion of curing for 33 gold pieces
 27156 | D:15     | Bought a scroll of identify for 22 gold pieces
 27162 | D:15     | Bought a scroll of identify for 28 gold pieces
 27162 | D:15     | Bought a scroll of identify for 28 gold pieces
 27317 | D:10     | Bought a scroll labeled MOAXTU LAPNUO for 33 gold pieces
 27428 | Snake:1  | Entered Level 1 of the Snake Pit
 27890 | D:13     | Killed a lich
 27894 | D:13     | Killed a lich
 27898 | D:13     | Killed a lich
 27900 | D:13     | Killed a lich
 27900 | D:13     | Reached skill level 10 in Shields
 27904 | D:13     | Killed Mobucwat's ghost
 27911 | D:13     | Got a jewelled cloak
 27917 | D:13     | Identified the cursed -5 cloak of the Alphagorgon {rF+
                  | Dex+2} (You found it on level 13 of the Dungeon)
 27927 | D:13     | Got a translucent golden ring
 27929 | D:13     | Identified the ring of Xom's Best Wishes {Wiz MR+} (You
                  | found it on level 13 of the Dungeon)
 27931 | D:13     | Got a steaming buckler
 27942 | D:13     | Identified the cursed -1 buckler of Sunlight {Slay+3
                  | Stlth+} (You found it on level 13 of the Dungeon)
 28216 | Swamp:1  | Entered Level 1 of the Swamp
 29140 | Swamp:1  | Found the +10 dark maul {vorpal}
 30136 | Swamp:2  | Noticed a thorn hunter
 30147 | Swamp:2  | Killed a thorn hunter
 30579 | Swamp:2  | Got a smoking war axe
 30580 | Swamp:2  | Identified the +6 war axe "Ibaleh" {venom, Dex+5} (You
                  | found it on level 2 of the Swamp)
 30810 | Swamp:3  | Reached XP level 16. HP: 143/151 MP: 15/15
 31130 | Swamp:3  | Noticed a thorn hunter
 31145 | Swamp:3  | Killed a thorn hunter
 31705 | Swamp:3  | Noticed Louise
 31716 | Swamp:3  | Killed Louise
 31869 | Swamp:4  | Entered Level 4 of the Swamp
 32387 | Swamp:4  | Received a gift from Trog
 32518 | Swamp:4  | Noticed a thorn hunter
 32544 | Swamp:4  | Killed a thorn hunter
 33089 | Swamp:4  | Noticed a thorn hunter
 33097 | Swamp:4  | Killed a thorn hunter
 33212 | Swamp:4  | Noticed a thorn hunter
 33234 | Swamp:4  | Killed a thorn hunter
 33727 | Swamp:4  | Got a decaying rune of Zot
 34272 | Lair:6   | Entered Level 6 of the Lair of Beasts
 34385 | Lair:6   | Found a staircase to the Slime Pits.
 34853 | Lair:6   | Found a runed translucent gate.
 34854 | Lair:6   | Found a runed translucent gate.
 34855 | Lair:6   | Found a runed translucent gate.
 34857 | Lair:6   | Found a viscous altar of Jiyva.
 34857 | Lair:6   | Noticed KamiKatze's ghost (journeyman DECj)
 34864 | Lair:6   | Reached XP level 17. HP: 160/160 MP: 16/16
 34879 | Lair:6   | Killed KamiKatze's ghost
 35161 | Lair:6   | Got an ancient spear
 35162 | Lair:6   | Identified the +4 spear of Precise Incision {drain, *Contam
                  | +Rage +Fly rF+} (You found it on level 6 of the Lair of
                  | Beasts)
 35174 | Lair:6   | Got an ichor-stained ring mail
 35185 | Lair:6   | Identified the cursed +0 ring mail of Indemnity {Harm Str-5
                  | Stlth+} (You found it on level 6 of the Lair of Beasts)
 35582 | Lair:6   | Gained mutation: You are weak. (Str -2) [mutagenic glow]
 36296 | Snake:1  | Found Ijeequl's Assorted Antiques.
 37343 | Elf:1    | Entered Level 1 of the Elven Halls
 37499 | Elf:1    | Found an ancient bone altar of Kikubaaqudgha.
 37887 | Elf:1    | Found Mysis's Food Shop.
 37974 | Elf:1    | Identified the ring "Daecwire" {+Fly rPois rC+}
 38364 | Elf:2    | Found Zuekalen's Assorted Antiques.
 38464 | Elf:2    | Found a runed translucent gate.
 38464 | Elf:2    | Found a runed translucent gate.
 38465 | Elf:2    | Found a runed translucent gate.
 40193 | Snake:2  | Received a gift from Trog
 40314 | Snake:2  | Found Mupn's Gadget Boutique.
 40314 | Snake:2  | Found Soitada's Jewellery Shoppe.
 40315 | Snake:2  | Found Dubluf's Gadget Boutique.
 40888 | Snake:3  | Found a runed translucent door.
 40913 | Snake:3  | Noticed Rururat's ghost (adept DsAK)
 40933 | Snake:3  | Reached XP level 18. HP: 123/171 MP: 12/17
 42075 | Snake:3  | Found Byipnodgh's Distillery.
 42080 | Snake:3  | Found Vohicuna's Antique Weapon Boutique.
 42478 | Snake:4  | Entered Level 4 of the Snake Pit
 42917 | Snake:4  | Noticed Nikola
 42933 | Snake:4  | Killed Nikola
 43492 | Snake:4  | Found Dedimogi's Antique Armour Shoppe.
 43574 | Snake:4  | Reached skill level 15 in Shields
 43792 | Snake:4  | Found an opulent altar of Gozag.
 44243 | Snake:4  | Reached skill level 15 in Dodging
 44896 | Snake:4  | Got a serpentine rune of Zot
 45602 | Vaults:1 | Entered Level 1 of the Vaults
 45757 | Vaults:1 | Received a gift from Trog
 46245 | Vaults:1 | Reached XP level 19. HP: 181/181 MP: 18/18
 47406 | Vaults:1 | You fall into a shaft and drop 1 floor!
 47710 | Vaults:2 | Noticed Margery
 47719 | Vaults:2 | Received a gift from Trog
 47747 | Vaults:2 | Killed Margery
 47747 | Vaults:2 | Reached ****** piety under Trog
 49620 | Vaults:3 | Found a staircase to the Crypt.
 49620 | Vaults:3 | Found a basalt altar of Yredelemnul.
 49621 | Vaults:3 | Found an ancient bone altar of Kikubaaqudgha.
 49658 | Vaults:3 | Received a gift from Trog
 49692 | Vaults:3 | Reached XP level 20. HP: 156/193 MP: 16/19
 50466 | Vaults:3 | Received a gift from Trog
 50648 | Vaults:3 | Noticed Frederick
 50664 | Vaults:3 | Killed Frederick
 51386 | Vaults:3 | Got a fading morningstar
 51387 | Vaults:3 | Identified the +6 morningstar of the Dancing Owl {chaos,
                  | Str+7 Dex+6} (You found it on level 3 of the Vaults)
 52373 | Vaults:4 | Received a gift from Trog
 54017 | Snake:4  | Bought a shiny plate armour for 468 gold pieces
 54028 | Snake:4  | Acquired 1600 gold pieces
 54030 | Snake:4  | Acquired a +1 tower shield of resistance
 54352 | Elf:3    | Entered Level 3 of the Elven Halls
 54366 | Elf:3    | Noticed Aizul
 54370 | Elf:3    | Received a gift from Trog
 54377 | Elf:3    | Reached XP level 21. HP: 165/204 MP: 16/20
 54384 | Elf:3    | Killed Aizul
 55128 | Elf:3    | Identified the cursed +1 rapier "Haut" {venom, rElec rN++
                  | MP+9 Str-2 SInv}
 55129 | Elf:3    | Identified the +6 great mace of Destruction {freeze, rPois
                  | rC- rN++ Str+4 Int+3}
 55400 | Elf:3    | Noticed Saint Roka
 55424 | Elf:3    | Killed Saint Roka
 55882 | Elf:3    | Identified the cursed +1 quarterstaff of Traps {vamp, Str+3
                  | SInv}
 55884 | Elf:3    | Identified the ring of Trepidation {*Tele Int+4}
 56083 | Elf:3    | Identified the +12 battleaxe "Rinunur" {vorpal, Dex+3}
 56083 | Elf:3    | Identified the +1 rapier of Unpleasantness {speed, rPois
                  | rN+}
 56223 | Elf:3    | Identified the amulet "Libbydo" {Reflect rElec rN+ MP+9
                  | SH+5}
 56229 | Elf:3    | Identified the +10 quarterstaff "Corotoel" {freeze, Int+4
                  | Stlth+}
 56253 | Elf:3    | Gained mutation: You do not regenerate when monsters are
                  | visible. [a cacodemon]
 56696 | Elf:3    | Identified the cursed +1 spear "Qeemen" {freeze, +Fly rPois
                  | Int+3 Dex+4}
 56730 | Elf:3    | Gained mutation: You occasionally shout uncontrollably at
                  | your foes. [a cacodemon]
 57226 | Elf:3    | Received a gift from Trog
 57495 | Elf:3    | Found the +8 longbow "Zephyr" {speed, Dex+3 SInv}
 57545 | Elf:3    | Got a smoking helmet
 57546 | Elf:3    | Identified the +0 helmet "Bicounaj" {-Cast rPois rN+ Dex+2}
                  | (You found it on level 3 of the Elven Halls)
 57738 | Elf:3    | Got a bloodstained war axe {god gift}
 57739 | Elf:3    | Identified the +8 war axe of the Fulmar {vorpal, rF+} (Trog
                  | gifted it to you on level 3 of the Elven Halls)
 57809 | Elf:3    | Acquired 1310 gold pieces
 57845 | Elf:2    | Bought a scroll of identify for 52 gold pieces
 57845 | Elf:2    | Bought a scroll of fear for 91 gold pieces
 57845 | Elf:2    | Bought a scroll of identify for 52 gold pieces
 57845 | Elf:2    | Bought a scroll of acquirement for 1352 gold pieces
 57920 | Orc:2    | Bought a scroll of remove curse for 42 gold pieces
 57920 | Orc:2    | Bought a scroll of torment for 105 gold pieces
 57920 | Orc:2    | Bought a scroll of teleportation for 42 gold pieces
 57920 | Orc:2    | Bought a scroll of summoning for 133 gold pieces
 57920 | Orc:2    | Bought a scroll of blinking for 105 gold pieces
 57920 | Orc:2    | Bought a scroll of teleportation for 42 gold pieces
 57920 | Orc:2    | Bought a scroll of magic mapping for 49 gold pieces
 57920 | Orc:2    | Bought a scroll of identify for 28 gold pieces
 57920 | Orc:2    | Bought a scroll of summoning for 133 gold pieces
 58044 | D:10     | Bought an encrusted coral ring for 165 gold pieces
 58044 | D:10     | Bought a scroll of acquirement for 1716 gold pieces
 58048 | D:10     | Acquired a scarf of resistance
 58062 | D:10     | Acquired 2120 gold pieces
 58138 | D:10     | Bought a scroll of remove curse for 99 gold pieces
 58138 | D:10     | Bought a potion of haste for 330 gold pieces
 58138 | D:10     | Bought a scroll of fear for 115 gold pieces
 58168 | D:10     | Bought a potion of mutation for 128 gold pieces
 58168 | D:10     | Bought 2 potions of mutation for 256 gold pieces
 58168 | D:10     | Bought a potion of heal wounds for 80 gold pieces
 58168 | D:10     | Bought a potion of heal wounds for 80 gold pieces
 58168 | D:10     | Bought a potion of curing for 48 gold pieces
 58225 | D:10     | Bought a potion of curing for 36 gold pieces
 58225 | D:10     | Bought a potion of curing for 36 gold pieces
 58225 | D:10     | Bought a potion of curing for 36 gold pieces
 58225 | D:10     | Bought a potion of mutation for 96 gold pieces
 58346 | D:15     | Bought 3 scrolls of immolation for 147 gold pieces
 58346 | D:15     | Bought a ration for 70 gold pieces
 58346 | D:15     | Bought a potion of mutation for 112 gold pieces
 58434 | D:11     | Bought a potion of curing for 42 gold pieces
 58434 | D:11     | Bought 2 potions of curing for 84 gold pieces
 58434 | D:11     | Bought a potion of stabbing for 56 gold pieces
 58434 | D:11     | Bought a potion of lignification for 42 gold pieces
 58434 | D:11     | Bought a potion of haste for 140 gold pieces
 58434 | D:11     | Bought a potion of heal wounds for 70 gold pieces
 58947 | Depths:1 | Entered Level 1 of the Depths
 59744 | Depths:1 | Found a runed translucent gate.
 59744 | Depths:1 | Found a runed translucent gate.
 59744 | Depths:1 | Found a runed translucent gate.
 59795 | Depths:1 | Found a gateway to Hell.
 59843 | Depths:1 | Received a gift from Trog
 59856 | Depths:1 | Noticed Jusan's ghost (adept TrMo)
 60048 | Depths:1 | Killed Jusan's ghost
 60068 | Depths:1 | Got a pair of pitted boots
 60079 | Depths:1 | Identified the cursed +0 pair of boots of Resilience {rPois
                  | rN+ MR-} (You found it on level 1 of the Depths)
 60192 | Depths:2 | Reached skill level 1 in Invocations
 60363 | Depths:2 | Reached XP level 22. HP: 215/215 MP: 22/22
 60447 | Depths:2 | Noticed a golden dragon
 60458 | Depths:2 | Killed a golden dragon
 60675 | Depths:2 | Received a gift from Trog
 60701 | Depths:2 | Reached skill level 5 in Invocations
 61524 | Depths:2 | Found a runed translucent gate.
 61525 | Depths:2 | Found a runed translucent gate.
 61526 | Depths:2 | Found a runed translucent gate.
 61576 | Depths:2 | Got a pair of spiked boots
 61587 | Depths:2 | Identified the cursed +0 pair of boots of Dust Devil
                  | {*Contam rPois rF+ rC+} (You found it on level 2 of the
                  | Depths)
 61654 | Depths:2 | Lost mutation: You are weak. (Str -2) [potion of mutation]
 61654 | Depths:2 | Lost mutation: You occasionally shout uncontrollably at
                  | your foes. [potion of mutation]
 61654 | Depths:2 | Lost mutation: You do not regenerate when monsters are
                  | visible. [potion of mutation]
 61654 | Depths:2 | Gained mutation: You tend to lose your temper in combat.
                  | [potion of mutation]
 61654 | Depths:2 | Gained mutation: You expend magic power (3 MP) to
                  | strengthen your wands. [potion of mutation]
 61655 | Depths:2 | Lost mutation: You tend to lose your temper in combat.
                  | [potion of mutation]
 61655 | Depths:2 | Lost mutation: You expend magic power (3 MP) to strengthen
                  | your wands. [potion of mutation]
 61655 | Depths:2 | Gained mutation: Your body sometimes deteriorates upon
                  | taking damage. [potion of mutation]
 61655 | Depths:2 | Gained mutation: Armour fits poorly on your strangely
                  | shaped body. [potion of mutation]
 61655 | Depths:2 | Gained mutation: You passively map a small area around you.
                  | [potion of mutation]
 61656 | Depths:2 | Lost mutation: Your body sometimes deteriorates upon taking
                  | damage. [potion of mutation]
 61656 | Depths:2 | Lost mutation: You passively map a small area around you.
                  | [potion of mutation]
 61656 | Depths:2 | Gained mutation: You are weak. (Str -2) [potion of
                  | mutation]
 61656 | Depths:2 | Gained mutation: You are clumsy. (Dex -2) [potion of
                  | mutation]
 61656 | Depths:2 | Lost mutation: You are weak. (Str -2) [potion of mutation]
 61657 | Depths:2 | Lost mutation: You are clumsy. (Dex -2) [potion of
                  | mutation]
 61657 | Depths:2 | Lost mutation: Armour fits poorly on your strangely shaped
                  | body. [potion of mutation]
 61657 | Depths:2 | Gained mutation: You tend to lose your temper in combat.
                  | [potion of mutation]
 61657 | Depths:2 | Gained mutation: You are agile. (Dex +2) [potion of
                  | mutation]
 61657 | Depths:2 | Gained mutation: Your mind is acute. (Int +2) [potion of
                  | mutation]
 61658 | Depths:2 | Lost mutation: You are agile. (Dex +2) [potion of mutation]
 61658 | Depths:2 | Lost mutation: Your mind is acute. (Int +2) [potion of
                  | mutation]
 61658 | Depths:2 | Lost mutation: You tend to lose your temper in combat.
                  | [potion of mutation]
 61658 | Depths:2 | Gained mutation: You occasionally shout uncontrollably at
                  | your foes. [potion of mutation]
 61658 | Depths:2 | Gained mutation: Scrolls take you a little longer to read.
                  | [potion of mutation]
 61658 | Depths:2 | Gained mutation: You have a beak for a mouth. [potion of
                  | mutation]
 61881 | Depths:2 | Found a runed translucent gate.
 61881 | Depths:2 | Found a runed translucent gate.
 61885 | Depths:2 | Found a runed translucent gate.
 61885 | Depths:2 | Noticed Cykl0x's ghost (adept FoFi)
 61921 | Depths:2 | Killed Cykl0x's ghost
 61939 | Depths:2 | Got a polished cloak
 61951 | Depths:2 | Identified the cursed +0 cloak of Limitation {Int+2 Stlth+}
                  | (You found it on level 2 of the Depths)
 61970 | Depths:2 | Gained mutation: You do not regenerate when monsters are
                  | visible. [mutagenic glow]
 61994 | Depths:2 | Lost mutation: You do not regenerate when monsters are
                  | visible. [potion of mutation]
 61994 | Depths:2 | Lost mutation: You have a beak for a mouth. [potion of
                  | mutation]
 61994 | Depths:2 | Gained mutation: You are partially covered in yellow
                  | scales. (AC +2) [potion of mutation]
 61994 | Depths:2 | Gained mutation: Your system is resistant to poisons.
                  | (rPois) [potion of mutation]
 61994 | Depths:2 | Gained mutation: You passively map a small area around you.
                  | [potion of mutation]
 62029 | Depths:2 | Gained mutation: Your body sometimes deteriorates upon
                  | taking damage. [mutagenic glow]
 62510 | Depths:3 | Reached XP level 23. HP: 200/225 MP: 28/28
 62726 | Depths:3 | Found a magical portal.
 62850 | Depths:3 | Found a one-way gate leading to the halls of Pandemonium.
 63166 | Depths:4 | Found Arun's Gadget Shop.
 63407 | Depths:4 | Noticed a caustic shrike
 63414 | Depths:4 | Killed a caustic shrike
 63528 | Depths:4 | Reached skill level 10 in Invocations
 63541 | Depths:4 | Noticed a juggernaut
 63563 | Depths:4 | Noticed a juggernaut
 63568 | Depths:4 | Killed a juggernaut
 63568 | Depths:4 | Received a gift from Trog
 63581 | Depths:4 | Killed a juggernaut
 63587 | Depths:4 | Paralysed by a floating eye for 3 turns
 64061 | Depths:4 | Found Loazemur's Armour Boutique.
 64067 | Depths:4 | Bought the +1 pair of boots of Puynt {rF- MP+9 Int+5
                  | Slay+3} for 875 gold pieces
 64114 | Depths:4 | Found Fuol Imu's Armour Shop.
 64189 | Depths:4 | Found a one-way gate to the infinite horrors of the Abyss.
 64788 | Depths:4 | Acquired 1930 gold pieces
 65006 | D:10     | Bought a scroll of teleportation for 39 gold pieces
 65257 | Snake:1  | Bought a scroll of remove curse for 102 gold pieces
 65257 | Snake:1  | Bought a scroll of teleportation for 102 gold pieces
 65257 | Snake:1  | Bought a scroll of remove curse for 102 gold pieces
 65257 | Snake:1  | Bought a scroll of magic mapping for 119 gold pieces
 65519 | Elf:1    | Bought a ration for 50 gold pieces
 65519 | Elf:1    | Bought a ration for 50 gold pieces
 65519 | Elf:1    | Bought a ration for 50 gold pieces
 65519 | Elf:1    | Bought a ration for 50 gold pieces
 65519 | Elf:1    | Bought a ration for 50 gold pieces
 65519 | Elf:1    | Bought a ration for 50 gold pieces
 65519 | Elf:1    | Bought a ration for 50 gold pieces
 65519 | Elf:1    | Bought a ration for 50 gold pieces
 65519 | Elf:1    | Bought a ration for 50 gold pieces
 65519 | Elf:1    | Bought a ration for 50 gold pieces
 65519 | Elf:1    | Bought a ration for 50 gold pieces
 65673 | D:10     | Bought a ration for 65 gold pieces
 65932 | Depths:5 | Entered Level 5 of the Depths
 65932 | Depths:5 | Found Huonup's Antique Armour Shop.
 66030 | Depths:5 | Bought an embroidered scarf for 328 gold pieces
 66165 | Depths:5 | Found a gate to the Realm of Zot.
 66227 | Depths:5 | Reached XP level 24. HP: 207/235 MP: 30/30
 66325 | Depths:5 | Found a gateway to a ziggurat.
 66465 | Depths:5 | Found a portal to a secret trove of treasure.
 66511 | Depths:5 | Found a runed translucent gate.
 66511 | Depths:5 | Found a runed translucent gate.
 66511 | Depths:5 | Found a runed translucent gate.
 66511 | Depths:5 | Noticed Ito Onor's ghost (veteran TeAE)
 67131 | Hell     | Entered the Vestibule of Hell
 67131 | Hell     | Noticed Geryon
 67167 | Hell     | Killed Geryon
 67187 | Hell     | Paralysed by a Zot trap for 3 turns
 67226 | Hell     | Received a gift from Trog
 67314 | Hell     | Found a gateway to the decaying netherworld of Tartarus.
 67415 | Hell     | Found a gateway to the Iron City of Dis.
 67547 | Hell     | Found a gateway to the freezing wastes of Cocytus.
 67710 | Hell     | Found a gateway to the ashen valley of Gehenna.
 67885 | Hell     | Got a shimmering war axe {god gift}
 67886 | Hell     | Identified the +2 war axe of Bankruptcy {antimagic, rC+
                  | SInv} (Trog gifted it to you in the Vestibule of Hell)
 68626 | D:5      | Bought the +10 zealot's sword {holy, *Rage rN+ EV+3} for
                  | 3056 gold pieces
 68626 | D:5      | Found the +10 zealot's sword {holy, *Rage rN+ EV+3}
 68975 | Depths:5 | You paid a toll of zealot's sword to enter a treasure trove
 68976 | Trove    | Entered a treasure trove
 68979 | Trove    | Found the +0 mask of the Dragon {MR+ Slay+3 SInv}
 68981 | Trove    | Got a pair of faintly humming gloves
 68983 | Trove    | Got a topaz-encrusted scale mail
 69003 | Trove    | Identified the +0 pair of gloves of Baldness {Int+4} (You
                  | found it in a treasure trove)
 69023 | Trove    | Identified the +1 scale mail of Rinty {rC+ rN+ Stlth-} (You
                  | found it in a treasure trove)
 69054 | Trove    | Found the +2 robe of Vines {NoPotionHeal Regen+7}
 69060 | Trove    | Got a pair of heavily runed gloves
 69087 | Trove    | Identified the +1 pair of gloves "Toacw" {Harm rPois Str+8
                  | Dex-3} (You found it in a treasure trove)
 69133 | Trove    | Got a pair of faintly humming boots
 69144 | Trove    | Identified the +2 pair of boots "Jyuwny" {rElec MR++ Int+3
                  | Dex+2} (You found it in a treasure trove)
 69172 | Trove    | Got a pair of blackened gloves
 69197 | Trove    | Identified the +1 pair of gloves of Moral Flaws {rN+ Int+2}
                  | (You found it in a treasure trove)
 69640 | Crypt:1  | Entered Level 1 of the Crypt
 70104 | Crypt:1  | Noticed Mara
 70112 | Crypt:1  | Noticed Erymatos's illusion
 70139 | Crypt:1  | Killed Mara
 70458 | Crypt:2  | Received a gift from Trog
 71087 | Crypt:2  | Found an ancient bone altar of Kikubaaqudgha.
 71175 | Crypt:2  | Got a bloodstained plate armour
 71186 | Crypt:2  | Identified the +2 plate armour "Zoyvveocim" {rN+ Str+5}
                  | (You found it on level 2 of the Crypt)
 71208 | Crypt:3  | Entered Level 3 of the Crypt
 71525 | Crypt:3  | Got a twisted rapier
 71526 | Crypt:3  | Identified the cursed +0 rapier of Gouled {vamp, Dex+4}
                  | (You found it on level 3 of the Crypt)
 71759 | Crypt:3  | Reached XP level 25. HP: 235/245 MP: 31/31
 71769 | Crypt:3  | Found a staircase to the Tomb.
 71839 | Crypt:3  | Identified the Catalogue of the Illusory Continents
 72067 | Crypt:3  | Got a coiled golden ring
 72073 | Crypt:3  | Identified the ring "Renwowio" {MR- AC+4 Int+4} (You found
                  | it on level 3 of the Crypt)
 72254 | Crypt:3  | Received a gift from Trog
 72381 | Crypt:3  | Found an ancient bone altar of Kikubaaqudgha.
 72383 | Crypt:3  | Noticed an ancient lich
 72393 | Crypt:3  | Killed an ancient lich
 72421 | Crypt:3  | Noticed an ancient lich
 72426 | Crypt:3  | Killed an ancient lich
 73623 | Coc:1    | Entered Level 1 of Cocytus
 73671 | Tar:1    | Entered Level 1 of Tartarus
 74473 | Tar:1    | Received a gift from Trog
 75882 | Tar:1    | Reached XP level 26. HP: 248/256 MP: 32/32
 76245 | Geh:1    | Entered Level 1 of Gehenna
 77545 | Geh:2    | Received a gift from Trog
 78915 | Geh:3    | Received a gift from Trog
 79076 | Geh:3    | Found the +7 great mace "Firestarter" {inner flame, rF++}
 79566 | Geh:3    | Received a gift from Trog
 80593 | Geh:3    | Received a gift from Trog
 80595 | Geh:3    | Reached XP level 27. HP: 266/266 MP: 32/32
 81021 | Geh:4    | Reached skill level 27 in Shields
 81515 | Geh:4    | Received a gift from Trog
 83162 | Geh:5    | Received a gift from Trog
 84264 | Geh:6    | Received a gift from Trog
 84285 | Geh:6    | Got a jewelled hand axe {god gift}
 84829 | Geh:6    | Received a gift from Trog
 85788 | Geh:6    | Reached skill level 27 in Axes
 86117 | Geh:7    | Entered Level 7 of Gehenna
 86193 | Geh:7    | Received a gift from Trog
 86460 | Geh:7    | Reached skill level 27 in Fighting
 87034 | Geh:7    | Received a gift from Trog
 87721 | Geh:7    | Identified the +7 sceptre of Asmodeus
 87721 | Geh:7    | Noticed Asmodeus
 87747 | Geh:7    | Killed Asmodeus
 87781 | Geh:7    | Got an obsidian rune of Zot
 87825 | Geh:7    | Identified the +11 hand axe "Zeom" {vorpal, rC+ rN+ Str-5
                  | Dex+5} (Trog gifted it to you on level 6 of Gehenna)
 88310 | Geh:7    | Found the +2 Maxwell's thermic engine {flame, freeze}
 88359 | Geh:7    | Got a faintly glowing crystal amulet
 88364 | Geh:7    | Got a translucent tin ring
 88393 | Geh:7    | Identified the cursed ring of Zost {*Slow rPois MR+++ AC-4
                  | Slay+3} (You found it on level 7 of Gehenna)
 88403 | Geh:7    | Identified the amulet of Truth {Spirit rF+ rN+ MR-} (You
                  | found it on level 7 of Gehenna)
 88407 | Geh:7    | Received a gift from Trog
 90142 | Snake:3  | Bought a potion of curing for 54 gold pieces
 90142 | Snake:3  | Bought a potion of heal wounds for 90 gold pieces
 90142 | Snake:3  | Bought a potion of experience for 900 gold pieces
 90142 | Snake:3  | Bought a potion of haste for 180 gold pieces
 90142 | Snake:3  | Bought a potion of resistance for 180 gold pieces
 90142 | Snake:3  | Bought a potion of haste for 180 gold pieces
 90142 | Snake:3  | Bought a potion of might for 72 gold pieces
 90142 | Snake:3  | Bought a potion of might for 72 gold pieces
 90486 | Vaults:5 | Entered Level 5 of the Vaults
 90503 | Vaults:5 | Noticed Xtahua
 90519 | Vaults:5 | Killed Xtahua
 90883 | Vaults:5 | Received a gift from Trog
 91114 | Vaults:5 | Gained mutation: Your body often deteriorates upon taking
                  | damage. [a shining eye]
 91117 | Vaults:5 | Identified the +6 scythe "Orb Guardian's Doom" {freeze,
                  | +Fly rPois rN+ Str-2}
 91128 | Vaults:5 | Reached skill level 27 in Armour
 91139 | Vaults:5 | Identified the +5 war axe "Hiosen Emnyr" {venom, +Rage rN+}
 91159 | Vaults:5 | Received a gift from Trog
 91175 | Vaults:5 | Identified the amulet "Wiajy" {RegenMP +Blink rElec}
 91197 | Vaults:5 | Identified the ring "Zeplaw" {rC+ Str-5 Dex+3 Stlth+}
 91796 | Vaults:5 | Got a silver rune of Zot
 92148 | Vaults:5 | Got a brightly glowing demon whip
 92149 | Vaults:5 | Identified the +5 demon whip of the Other Side {venom,
                  | rPois rN+ MR- Int+3} (You found it on level 5 of the
                  | Vaults)
 92164 | Vaults:5 | Identified Pailar's Incunabulum of Yeast
 92166 | Vaults:5 | Got a bloodstained dagger
 92167 | Vaults:5 | Identified the +1 dagger of the Jolly Ears {drain, Stlth+}
                  | (You found it on level 5 of the Vaults)
 92243 | Vaults:5 | Got a heavily runed kite shield
 92254 | Vaults:5 | Identified the +1 kite shield "Ibreulau" {rC+++ Int+2 Dex-3
                  | Stlth+} (You found it on level 5 of the Vaults)
 92333 | Vaults:5 | Got a jewelled dagger
 92334 | Vaults:5 | Identified the +7 dagger of Accidental Termination {vamp,
                  | rPois rF+ Stlth-} (You found it on level 5 of the Vaults)
 92448 | Vaults:5 | Identified a +0 pair of boots of running (You found it on
                  | level 5 of the Vaults)
 92714 | D:10     | Bought a potion of lignification for 48 gold pieces
 92714 | D:10     | Bought a potion of haste for 160 gold pieces
 92714 | D:10     | Bought a potion of haste for 160 gold pieces
 92714 | D:10     | Bought a potion of stabbing for 64 gold pieces
 92768 | D:10     | Bought a potion of resistance for 120 gold pieces
 92768 | D:10     | Bought a potion of might for 48 gold pieces
 92768 | D:10     | Bought a potion of lignification for 36 gold pieces
 92768 | D:10     | Bought a potion of stabbing for 48 gold pieces
 92768 | D:10     | Bought 2 potions of ambrosia for 192 gold pieces
 92865 | D:5      | Bought a potion of heal wounds for 145 gold pieces
 93917 | Tar:2    | Received a gift from Trog
 94963 | Tar:4    | Received a gift from Trog
 95657 | Tar:4    | Received a gift from Trog
 96894 | Tar:4    | Received a gift from Trog
 97001 | Tar:4    | Reached skill level 27 in Dodging
 97214 | Tar:4    | Reached skill level 5 in Stealth
 98035 | Tar:5    | Received a gift from Trog
 98294 | Tar:5    | Reached skill level 10 in Stealth
 98749 | Tar:6    | Received a gift from Trog
100078 | Tar:6    | Received a gift from Trog
100712 | Tar:6    | Reached skill level 15 in Stealth
101067 | Tar:7    | Entered Level 7 of Tartarus
101210 | Tar:7    | Received a gift from Trog
101844 | Tar:7    | Received a gift from Trog
103045 | Tar:7    | Received a gift from Trog
103048 | Tar:7    | Noticed the Serpent of Hell
103078 | Tar:7    | Killed the Serpent of Hell
103897 | Tar:7    | Received a gift from Trog
105045 | Tar:7    | Identified Dag Jal's Volume of Conjuration
105047 | Tar:7    | Got a smoking copper amulet
105050 | Tar:7    | Identified the amulet "Sokif" {Spirit rElec rPois MP+9
                  | Slay-5} (You found it on level 7 of Tartarus)
105200 | Tar:7    | Reached skill level 1 in Evocations
105809 | Tar:7    | Noticed Ereshkigal
105833 | Tar:7    | Killed Ereshkigal
105861 | Tar:7    | Got a smoking crystal amulet
105863 | Tar:7    | Got a bone rune of Zot
105892 | Tar:7    | Identified the amulet "Reextinea" {Regen+ Int+4} (You found
                  | it on level 7 of Tartarus)
106139 | Dis:1    | Entered Level 1 of the Iron City of Dis
107325 | Dis:1    | Reached skill level 5 in Evocations
107979 | Dis:1    | Received a gift from Trog
109531 | Dis:2    | Received a gift from Trog
110368 | Dis:2    | Received a gift from Trog
111817 | Dis:4    | Reached skill level 10 in Evocations
112171 | Dis:5    | Received a gift from Trog
113630 | Dis:6    | Received a gift from Trog
113881 | Dis:7    | Entered Level 7 of the Iron City of Dis
114864 | Dis:7    | Received a gift from Trog
115769 | Dis:7    | Received a gift from Trog
115839 | Dis:7    | Gained mutation: You sometimes yell uncontrollably at your
                  | foes. [a cacodemon]
116045 | Dis:7    | Reached skill level 27 in Stealth
116092 | Dis:7    | Got a masterwork hand axe
116098 | Dis:7    | Identified the +11 hand axe of the Glowing Fool {pain, +Inv
                  | rPois rF- Stlth+} (You found it on level 7 of the Iron City
                  | of Dis)
116130 | Dis:7    | Got an encrusted chain mail
116136 | Dis:7    | Identified the cursed +1 chain mail of Gum Huel {Str+2
                  | Int+3} (You found it on level 7 of the Iron City of Dis)
116919 | Dis:7    | Identified the +4 staff of Dispater
116919 | Dis:7    | Noticed Dispater
117517 | Dis:7    | Killed Dispater
117809 | Dis:7    | Got an iron rune of Zot
118438 | Coc:1    | Reached skill level 15 in Evocations
118691 | Coc:4    | Received a gift from Trog
118835 | Coc:7    | Entered Level 7 of Cocytus
119163 | Coc:7    | Received a gift from Trog
120254 | Coc:7    | Received a gift from Trog
121430 | Coc:7    | Noticed Antaeus
121468 | Coc:7    | Killed Antaeus
121491 | Coc:7    | Got a coiled copper amulet
121542 | Coc:7    | Found the +8 lance "Wyrmbane" {slay drac, rPois rF+ rC+
                  | AC+3}
121618 | Coc:7    | Got a crude chain mail
121645 | Coc:7    | Identified the Collected Works on Enhancements
121680 | Coc:7    | Got an icy rune of Zot
121774 | Coc:7    | Reached skill level 1 in Polearms
121990 | Coc:7    | Cast into level 2 of the Abyss (reaper)
122223 | Abyss:2  | Reached skill level 5 in Polearms
122404 | Abyss:2  | Identified the amulet "Byosuo" {Acrobat Str-5 Int+10} (You
                  | found it on level 7 of Cocytus)
123093 | Abyss:3  | Paralysed by accursed screaming for 1 turns
123223 | Abyss:3  | Received a gift from Trog
123295 | Coc:7    | Escaped the Abyss
123302 | Coc:7    | Reached skill level 10 in Polearms
125782 | Coc:7    | Reached skill level 15 in Polearms
126185 | Slime:1  | Entered Level 1 of the Pits of Slime
126206 | Slime:1  | Gained mutation: You do not regenerate when monsters are
                  | visible. [a shining eye]
126242 | Slime:1  | Identified the +6 chain mail "Dacotor" {rCorr Dex+7} (You
                  | found it on level 7 of Cocytus)
127016 | Slime:5  | Entered Level 5 of the Pits of Slime
127037 | Slime:5  | Gained mutation: Your magical capacity is low. (-10% MP) [a
                  | shining eye]
127093 | Slime:5  | Gained mutation: Armour fits poorly on your strangely
                  | shaped body. [a shining eye]
127094 | Slime:5  | Gained mutation: You are weak. (Str -2) [a shining eye]
127136 | Slime:5  | Gained mutation: Scrolls take you longer to read. [a
                  | shining eye]
127198 | Slime:5  | Noticed the Royal Jelly
127215 | Slime:5  | Killed the Royal Jelly
127709 | Slime:5  | Got a slimy rune of Zot
127744 | Slime:5  | Got a vibrating steel amulet
127763 | Slime:5  | Identified the Tome of the Dislocated Rocks
127809 | Slime:5  | Lost mutation: You are weak. (Str -2) [potion of mutation]
127809 | Slime:5  | Lost mutation: Scrolls take you longer to read. [potion of
                  | mutation]
127809 | Slime:5  | Lost mutation: Scrolls take you a little longer to read.
                  | [potion of mutation]
127809 | Slime:5  | Lost mutation: You do not regenerate when monsters are
                  | visible. [potion of mutation]
127809 | Slime:5  | Gained mutation: You have a pair of large horns on your
                  | head. [potion of mutation]
127818 | Slime:5  | Identified the amulet "Zigaanly" {Faith rPois} (You found
                  | it on level 5 of the Pits of Slime)
128195 | Hell     | Lost mutation: Your system is resistant to poisons. (rPois)
                  | [potion of mutation]
128195 | Hell     | Lost mutation: Your magical capacity is low. (-10% MP)
                  | [potion of mutation]
128195 | Hell     | Lost mutation: You passively map a small area around you.
                  | [potion of mutation]
128195 | Hell     | Lost mutation: You sometimes yell uncontrollably at your
                  | foes. [potion of mutation]
128195 | Hell     | Gained mutation: You sometimes yell uncontrollably at your
                  | foes. [potion of mutation]
128195 | Hell     | Gained mutation: Your system is resistant to poisons.
                  | (rPois) [potion of mutation]
128195 | Hell     | Gained mutation: You are robust. (+10% HP) [potion of
                  | mutation]
128196 | Hell     | Lost mutation: Armour fits poorly on your strangely shaped
                  | body. [potion of mutation]
128196 | Hell     | Lost mutation: You are robust. (+10% HP) [potion of
                  | mutation]
128196 | Hell     | Gained mutation: You are mostly covered in yellow scales.
                  | (AC +3) [potion of mutation]
128433 | Temple   | Entered the Ecumenical Temple
129068 | Tomb:1   | Entered Level 1 of the Tomb of the Ancients
129092 | Tomb:1   | Received a gift from Trog
130072 | Tomb:1   | Noticed a greater mummy
130340 | Tomb:1   | Noticed a greater mummy
130350 | Tomb:1   | Killed a greater mummy
130385 | Tomb:1   | Killed a greater mummy
131656 | Zot:1    | Entered Level 1 of the Realm of Zot
132344 | Zot:1    | Received a gift from Trog
133215 | Zot:2    | Found the +8 arc blade {discharge, rElec}
133549 | Zot:2    | Received a gift from Trog
134195 | Zot:3    | Noticed an orb of fire
134195 | Zot:3    | Gained mutation: Scrolls take you a little longer to read.
                  | [an orb of fire]
134208 | Zot:3    | Gained mutation: You are robust. (+10% HP) [an orb of fire]
134209 | Zot:3    | Killed an orb of fire
135409 | Zot:4    | Found a transporter.
135479 | Zot:4    | Received a gift from Trog
135933 | Zot:4    | Found a transporter.
136179 | Zot:4    | Noticed an ancient lich
136190 | Zot:4    | Killed an ancient lich
136198 | Zot:4    | Gained mutation: You are dopey. (Int -2) [a cacodemon]
136201 | Zot:4    | Reached skill level 5 in Maces & Flails
136298 | Zot:4    | Got a faintly glowing lead ring
136319 | Zot:4    | Got an ancient lead ring
136340 | Zot:4    | Identified the ring of Due Proportion {rPois rC++} (You
                  | found it on level 4 of the Realm of Zot)
136342 | Zot:4    | Identified the ring "Dojajefu" {rElec rCorr Str+7 Int-2}
                  | (You found it on level 4 of the Realm of Zot)
136474 | Zot:1    | Acquired 5 rations
136505 | Zot:1    | Lost mutation: Scrolls take you a little longer to read.
                  | [potion of mutation]
136505 | Zot:1    | Lost mutation: Your body often deteriorates upon taking
                  | damage. [potion of mutation]
136505 | Zot:1    | Lost mutation: You are dopey. (Int -2) [potion of mutation]
136505 | Zot:1    | Gained mutation: Armour fits poorly on your strangely
                  | shaped body. [potion of mutation]
136505 | Zot:1    | Gained mutation: You passively map a small area around you.
                  | [potion of mutation]
136505 | Zot:1    | Gained mutation: You possess an exceptional clarity of
                  | mind. [potion of mutation]
136506 | Zot:1    | Lost mutation: You sometimes yell uncontrollably at your
                  | foes. [potion of mutation]
136506 | Zot:1    | Lost mutation: You occasionally shout uncontrollably at
                  | your foes. [potion of mutation]
136506 | Zot:1    | Lost mutation: Armour fits poorly on your strangely shaped
                  | body. [potion of mutation]
136506 | Zot:1    | Lost mutation: You are robust. (+10% HP) [potion of
                  | mutation]
136506 | Zot:1    | Gained mutation: Your spells are a little harder to cast,
                  | but a little more powerful. [potion of mutation]
136506 | Zot:1    | Gained mutation: You have sharp fingernails. [potion of
                  | mutation]
136506 | Zot:1    | Gained mutation: You are partially covered in icy blue
                  | scales. (AC +2) [potion of mutation]
136508 | Zot:1    | Lost mutation: You possess an exceptional clarity of mind.
                  | [potion of mutation]
136508 | Zot:1    | Lost mutation: Your body sometimes deteriorates upon taking
                  | damage. [potion of mutation]
136508 | Zot:1    | Lost mutation: Your spells are a little harder to cast, but
                  | a little more powerful. [potion of mutation]
136508 | Zot:1    | Lost mutation: You have a pair of large horns on your head.
                  | [potion of mutation]
136508 | Zot:1    | Gained mutation: Your body sometimes deteriorates upon
                  | taking damage. [potion of mutation]
136508 | Zot:1    | Gained mutation: Your spells are a little harder to cast,
                  | but a little more powerful. [potion of mutation]
136594 | Zot:5    | Entered Level 5 of the Realm of Zot
136624 | Zot:5    | Reached skill level 10 in Maces & Flails
136787 | Zot:5    | Noticed an orb of fire
136788 | Zot:5    | Gained mutation: Your body often deteriorates upon taking
                  | damage. [an orb of fire]
136804 | Zot:5    | Killed an orb of fire
136806 | Zot:5    | Noticed an orb of fire
136811 | Zot:5    | Gained mutation: Potions are less effective at restoring
                  | your health. [an orb of fire]
136813 | Zot:5    | Killed an orb of fire
136881 | Zot:5    | Noticed an ancient lich
136890 | Zot:5    | Killed an ancient lich
136919 | Zot:5    | Noticed an orb of fire
136925 | Zot:5    | Gained mutation: You are occasionally teleported next to
                  | monsters. [an orb of fire]
136927 | Zot:5    | Killed an orb of fire
136927 | Zot:5    | Noticed an orb of fire
136936 | Zot:5    | Reached skill level 15 in Maces & Flails
136936 | Zot:5    | Noticed an orb of fire
136946 | Zot:5    | Gained mutation: You are clumsy. (Dex -2) [an orb of fire]
136950 | Zot:5    | Killed an orb of fire
136955 | Zot:5    | Lost mutation: Your body often deteriorates upon taking
                  | damage. [an orb of fire]
136956 | Zot:5    | Killed an orb of fire
136996 | Zot:5    | Noticed an orb of fire
137002 | Zot:5    | Gained mutation: You are frail. (-10% HP) [an orb of fire]
137006 | Zot:5    | Gained mutation: You are weak. (Str -2) [an orb of fire]
137019 | Zot:5    | Gained mutation: Armour fits poorly on your strangely
                  | shaped body. [an orb of fire]
137023 | Zot:5    | Received a gift from Trog
137029 | Zot:5    | Noticed an orb of fire
137031 | Zot:5    | Killed an orb of fire
137037 | Zot:5    | Noticed an orb of fire
137040 | Zot:5    | Lost mutation: Your body sometimes deteriorates upon taking
                  | damage. [an orb of fire]
137050 | Zot:5    | Gained mutation: Scrolls take you a little longer to read.
                  | [an orb of fire]
137051 | Zot:5    | Killed an orb of fire
137415 | Zot:4    | Lost mutation: You are frail. (-10% HP) [potion of
                  | mutation]
137415 | Zot:4    | Lost mutation: You are clumsy. (Dex -2) [potion of
                  | mutation]
137415 | Zot:4    | Lost mutation: Your spells are a little harder to cast, but
                  | a little more powerful. [potion of mutation]
137415 | Zot:4    | Gained mutation: You are resistant to hostile enchantments.
                  | (MR+) [potion of mutation]
137415 | Zot:4    | Gained mutation: You are robust. (+10% HP) [potion of
                  | mutation]
137607 | Zot:5    | Noticed an ancient lich
137607 | Zot:5    | Gained mutation: Scrolls take you longer to read. [an orb
                  | of fire]
137615 | Zot:5    | Killed an orb of fire
137619 | Zot:5    | Killed an ancient lich
138715 | Depths:4 | Voluntarily entered the Abyss.
138763 | Abyss:1  | Paralysed by accursed screaming for 2 turns
138768 | Abyss:1  | Paralysed by accursed screaming for 2 turns
138769 | Abyss:1  | Received a gift from Trog
138932 | Depths:4 | Escaped the Abyss
139006 | Depths:4 | Acquired 7 rations
139008 | Depths:4 | Voluntarily entered the Abyss.
140045 | Abyss:1  | Paralysed by accursed screaming for 1 turns
140157 | Abyss:1  | Received a gift from Trog
140899 | Abyss:1  | Received a gift from Trog
140905 | Abyss:1  | Found a corrupted altar of Lugonu.
140918 | Abyss:1  | Found a corrupted altar of Lugonu.
141420 | Abyss:3  | Gained mutation: You are clumsy. (Dex -2) [a neqoxec]
141682 | Abyss:3  | Got an abyssal rune of Zot
141823 | Abyss:3  | Received a gift from Trog
142584 | Abyss:3  | Received a gift from Trog
142759 | Abyss:4  | Found a corrupted altar of Lugonu.
142861 | Abyss:5  | Entered Level 5 of the Abyss
143196 | Abyss:5  | Received a gift from Trog
143455 | Abyss:5  | Received a gift from Trog
143948 | Abyss:5  | Paralysed by accursed screaming for 1 turns
144032 | Abyss:5  | Received a gift from Trog
144205 | Abyss:5  | Lost mutation: You are robust. (+10% HP) [a shining eye]
144300 | Abyss:5  | Received a gift from Trog
144322 | Depths:4 | Escaped the Abyss
144678 | Depths:4 | Lost mutation: You are mostly covered in yellow scales. (AC
                  | +3) [potion of mutation]
144678 | Depths:4 | Lost mutation: Scrolls take you longer to read. [potion of
                  | mutation]
144678 | Depths:4 | Lost mutation: You have sharp fingernails. [potion of
                  | mutation]
144678 | Depths:4 | Gained mutation: You are somewhat resistant to further
                  | mutation. [potion of mutation]
144678 | Depths:4 | Lost mutation: You are clumsy. (Dex -2) [potion of
                  | mutation]
144678 | Depths:4 | Gained mutation: You expend magic power (3 MP) to
                  | strengthen your wands. [potion of mutation]
144679 | Depths:4 | Lost mutation: You are occasionally teleported next to
                  | monsters. [potion of mutation]
144679 | Depths:4 | Lost mutation: Scrolls take you a little longer to read.
                  | [potion of mutation]
144679 | Depths:4 | Lost mutation: Armour fits poorly on your strangely shaped
                  | body. [potion of mutation]
144679 | Depths:4 | Lost mutation: You expend magic power (3 MP) to strengthen
                  | your wands. [potion of mutation]
144679 | Depths:4 | Gained mutation: Your magical capacity is low. (-10% MP)
                  | [potion of mutation]
144863 | Depths:4 | Voluntarily entered the Abyss.
144870 | Abyss:1  | Paralysed by accursed screaming for 1 turns
144881 | Abyss:1  | Paralysed by accursed screaming for 2 turns
144918 | Depths:4 | Escaped the Abyss
145479 | Depths:5 | Bought shimmering storm dragon scales for 3485 gold pieces
145489 | Depths:5 | Identified the cursed +0 storm dragon scales of the Morning
                  | {*Contam Harm rElec Regen+ rCorr} (You bought it in a shop
                  | on level 5 of the Depths)
145496 | Depths:5 | Lost mutation: Your magical capacity is low. (-10% MP)
                  | [potion of mutation]
145496 | Depths:5 | Lost mutation: You are somewhat resistant to further
                  | mutation. [potion of mutation]
145496 | Depths:5 | Lost mutation: You are weak. (Str -2) [potion of mutation]
145496 | Depths:5 | Lost mutation: You are partially covered in icy blue
                  | scales. (AC +2) [potion of mutation]
145496 | Depths:5 | Gained mutation: You are partially covered in thin metallic
                  | scales. (AC +2) [potion of mutation]
145496 | Depths:5 | Gained mutation: Your flesh is cold resistant. (rC+)
                  | [potion of mutation]
145539 | Depths:5 | Gained mutation: Scrolls take you a little longer to read.
                  | [mutagenic glow]
146547 | Zig:1    | Entered Level 1 of a ziggurat
146566 | Zig:2    | Entered Level 2 of a ziggurat
146584 | Zig:3    | Entered Level 3 of a ziggurat
146610 | Zig:3    | Identified the Incunabulum of Freezing Confrontation
146617 | Zig:4    | Entered Level 4 of a ziggurat
146672 | Zig:5    | Entered Level 5 of a ziggurat
146683 | Zig:5    | Received a gift from Trog
146708 | Zig:5    | Got a heavily runed iron ring
146710 | Zig:5    | Identified the ring "Cofaffid" {+Inv rPois rF+ Int-4
                  | Stlth+} (You found it on level 5 of a ziggurat)
146716 | Zig:5    | Got an ichor-stained scimitar
146718 | Zig:5    | Identified the +7 scimitar of Eweplial {freeze, *Corrode
                  | rElec rF+ Dex+3} (You found it on level 5 of a ziggurat)
146741 | Zig:6    | Entered Level 6 of a ziggurat
146798 | Zig:7    | Entered Level 7 of a ziggurat
146828 | Zig:7    | Identified Sif Muna's Tome of Lucky Malediction
146845 | Zig:8    | Entered Level 8 of a ziggurat
146931 | Zig:9    | Entered Level 9 of a ziggurat
147013 | Zig:10   | Entered Level 10 of a ziggurat
147049 | Zig:10   | Reached skill level 27 in Evocations
147057 | Zig:10   | Received a gift from Trog
147087 | Zig:10   | Got a transparent lead ring
147103 | Zig:10   | Identified the Reference Book on the Mutagenic Volcanoes
147108 | Zig:10   | Identified the ring of Nuigaam {rElec MR+} (You found it on
                  | level 10 of a ziggurat)
147113 | Zig:10   | Got a scorched platinum amulet
147115 | Zig:10   | Identified the amulet of Widghus {Regen+ Slay+2} (You found
                  | it on level 10 of a ziggurat)
147166 | Zig:11   | Entered Level 11 of a ziggurat
147194 | Zig:11   | Reached skill level 5 in Throwing
147224 | Zig:11   | Got a pitted golden ring
147230 | Zig:11   | Identified Sif Muna's Catalogue of Evil Magic and Shape
                  | Shifting
147241 | Zig:11   | Got a pair of smoking gloves
147252 | Zig:11   | Identified the cursed +0 pair of gloves of Past Mistakes
                  | {Int+3 Stlth+} (You found it on level 11 of a ziggurat)
147263 | Zig:11   | Identified the ring "Fenkom" {Wiz Slay+3} (You found it on
                  | level 11 of a ziggurat)
147529 | Zig:12   | Entered Level 12 of a ziggurat
147600 | Zig:12   | Received a gift from Trog
147666 | Zig:12   | Got a scorched diamond amulet
147669 | Zig:12   | Identified the amulet "Cakhac" {RegenMP *Contam MR+ Str-2
                  | Dex+6} (You found it on level 12 of a ziggurat)
147692 | Zig:13   | Entered Level 13 of a ziggurat
147725 | Zig:13   | Reached skill level 10 in Throwing
147734 | Zig:13   | Paralysed by accursed screaming for 1 turns
147765 | Zig:13   | Identified the Almanac of Poisoning and the Glacier
147772 | Zig:13   | Got a sparkling brass ring
147783 | Zig:13   | Identified the ring of Satyriasis {rPois rN+} (You found it
                  | on level 13 of a ziggurat)
147840 | Zig:13   | Got a jewelled rapier
147841 | Zig:13   | Identified the +2 rapier "Umimom" {pain, MR+ Int+2} (You
                  | found it on level 13 of a ziggurat)
147846 | Zig:14   | Entered Level 14 of a ziggurat
147913 | Zig:14   | Gained mutation: Potions are poor at restoring your health.
                  | [a neqoxec]
147913 | Zig:14   | Gained mutation: Your body sometimes deteriorates upon
                  | taking damage. [a neqoxec]
147933 | Zig:14   | Paralysed by accursed screaming for 2 turns
147956 | Zig:14   | Received a gift from Trog
147961 | Zig:14   | Paralysed by accursed screaming for 2 turns
148004 | Zig:14   | Got a slimy bone amulet
148015 | Zig:14   | Identified the amulet of Undoing {rPois MR- Regen+ Int+4}
                  | (You found it on level 14 of a ziggurat)
148215 | Zig:15   | Entered Level 15 of a ziggurat
148243 | Zig:15   | Found the +3 crown of Dyrovepreva {rElec Int+2 SInv}
148313 | Zig:15   | Got a brightly glowing lead ring
148327 | Zig:15   | Identified the ring of Mupod {*Slow rF+ rC+ MP+9 Stlth+}
                  | (You found it on level 15 of a ziggurat)
148333 | Zig:15   | Got a sparkling glass ring
148335 | Zig:15   | Identified the ring "Jonkaq" {*Corrode rN+++ Int+6 Dex+5}
                  | (You found it on level 15 of a ziggurat)
148394 | Zig:15   | Lost mutation: You are resistant to hostile enchantments.
                  | (MR+) [potion of mutation]
148394 | Zig:15   | Lost mutation: You are partially covered in thin metallic
                  | scales. (AC +2) [potion of mutation]
148394 | Zig:15   | Lost mutation: Scrolls take you a little longer to read.
                  | [potion of mutation]
148394 | Zig:15   | Lost mutation: You are partially covered in yellow scales.
                  | (AC +2) [potion of mutation]
148394 | Zig:15   | Gained mutation: Your flesh is very cold resistant. (rC++)
                  | [potion of mutation]
148395 | Zig:15   | Lost mutation: Your system is resistant to poisons. (rPois)
                  | [potion of mutation]
148395 | Zig:15   | Lost mutation: Your body sometimes deteriorates upon taking
                  | damage. [potion of mutation]
148395 | Zig:15   | Lost mutation: Your flesh is very cold resistant. (rC++)
                  | [potion of mutation]
148395 | Zig:15   | Lost mutation: You passively map a small area around you.
                  | [potion of mutation]
148395 | Zig:15   | Gained mutation: You are dopey. (Int -2) [potion of
                  | mutation]
148395 | Zig:15   | Gained mutation: You passively map a small area around you.
                  | [potion of mutation]
148396 | Zig:15   | Lost mutation: You are dopey. (Int -2) [potion of mutation]
148396 | Zig:15   | Lost mutation: Your flesh is cold resistant. (rC+) [potion
                  | of mutation]
148396 | Zig:15   | Gained mutation: You evolve. [potion of mutation]
148396 | Zig:15   | Gained mutation: You have large cloven feet. [potion of
                  | mutation]
148396 | Zig:15   | Gained mutation: Your muscles are strong. (Str +2) [potion
                  | of mutation]
148397 | Zig:15   | Lost mutation: Your muscles are strong. (Str +2) [potion of
                  | mutation]
148397 | Zig:15   | Lost mutation: Potions are poor at restoring your health.
                  | [potion of mutation]
148397 | Zig:15   | Gained mutation: You are resistant to hostile enchantments.
                  | (MR+) [potion of mutation]
148397 | Zig:15   | Gained mutation: You are weak. (Str -2) [potion of
                  | mutation]
148397 | Zig:15   | Gained mutation: You have a pair of large horns on your
                  | head. [potion of mutation]
148398 | Zig:15   | Lost mutation: You are resistant to hostile enchantments.
                  | (MR+) [potion of mutation]
148398 | Zig:15   | Lost mutation: You passively map a small area around you.
                  | [potion of mutation]
148398 | Zig:15   | Lost mutation: You have large cloven feet. [potion of
                  | mutation]
148398 | Zig:15   | Gained mutation: You possess an exceptional clarity of
                  | mind. [potion of mutation]
148399 | Zig:15   | Lost mutation: You possess an exceptional clarity of mind.
                  | [potion of mutation]
148399 | Zig:15   | Lost mutation: You evolve. [potion of mutation]
148399 | Zig:15   | Gained mutation: You are resistant to hostile enchantments.
                  | (MR+) [potion of mutation]
148399 | Zig:15   | Gained mutation: You are frail. (-10% HP) [potion of
                  | mutation]
148399 | Zig:15   | Gained mutation: You have supernaturally acute eyesight.
                  | (SInv) [potion of mutation]
148400 | Zig:15   | Lost mutation: You have a pair of large horns on your head.
                  | [potion of mutation]
148400 | Zig:15   | Lost mutation: You are weak. (Str -2) [potion of mutation]
148400 | Zig:15   | Lost mutation: You are resistant to hostile enchantments.
                  | (MR+) [potion of mutation]
148400 | Zig:15   | Lost mutation: You are frail. (-10% HP) [potion of
                  | mutation]
148400 | Zig:15   | Gained mutation: Your spells are a little easier to cast,
                  | but a little less powerful. [potion of mutation]
148400 | Zig:15   | Lost mutation: Your spells are a little easier to cast, but
                  | a little less powerful. [potion of mutation]
148400 | Zig:15   | Gained mutation: You are partially covered in thin metallic
                  | scales. (AC +2) [potion of mutation]
148402 | Zig:16   | Entered Level 16 of a ziggurat
148521 | Zig:16   | Found the +3 sling "Punk" {acid, rCorr}
148578 | Zig:16   | Reached skill level 15 in Throwing
148851 | Zig:16   | Lost mutation: Potions are less effective at restoring your
                  | health. [potion of mutation]
148851 | Zig:16   | Lost mutation: You have supernaturally acute eyesight.
                  | (SInv) [potion of mutation]
148851 | Zig:16   | Lost mutation: You are partially covered in thin metallic
                  | scales. (AC +2) [potion of mutation]
148851 | Zig:16   | Gained mutation: You are frail. (-10% HP) [potion of
                  | mutation]
148851 | Zig:16   | Gained mutation: Scrolls take you a little longer to read.
                  | [potion of mutation]
148851 | Zig:16   | Gained mutation: You are partially covered in molten
                  | scales. (AC +2) [potion of mutation]
148851 | Zig:16   | Gained mutation: You are somewhat resistant to further
                  | mutation. [potion of mutation]
148852 | Zig:16   | Lost mutation: You are frail. (-10% HP) [potion of
                  | mutation]
148852 | Zig:16   | Lost mutation: Scrolls take you a little longer to read.
                  | [potion of mutation]
148852 | Zig:16   | Lost mutation: You are somewhat resistant to further
                  | mutation. [potion of mutation]
148852 | Zig:16   | Gained mutation: You tend to lose your temper in combat.
                  | [potion of mutation]
148852 | Zig:16   | Gained mutation: Your mind is acute. (Int +2) [potion of
                  | mutation]
148852 | Zig:16   | Gained mutation: You have a pair of large horns on your
                  | head. [potion of mutation]
148852 | Zig:16   | Gained mutation: You have an increased reservoir of magic.
                  | (+10% MP) [potion of mutation]
148854 | Zig:17   | Entered Level 17 of a ziggurat
148994 | Zig:17   | Identified the Compendium of Lightness and Intoxication
149016 | Zig:17   | Got a wavering lead ring
149028 | Zig:17   | Identified Yriff's Guide on the Voyage
149030 | Zig:17   | Identified the ring of Ekonlo {Str+4 Slay+2 SInv} (You
                  | found it on level 17 of a ziggurat)
149207 | Zig:18   | Entered Level 18 of a ziggurat
149227 | Zig:18   | Paralysed by accursed screaming for 1 turns
149265 | Zig:18   | Paralysed by accursed screaming for 2 turns
149384 | Zig:18   | Acquired 6 rations
149609 | Zig:19   | Entered Level 19 of a ziggurat
149655 | Zig:19   | Received a gift from Trog
149663 | Zig:19   | HP: 19/409 [something (11)]
149663 | Zig:19   | Killed from afar by an electric golem

Illustrated notes

Levels and vault maps discovered:
D:1:      shiori_arrival_elements, layout_basic
D:2:      layout_rooms, chequers_mini_garden, nicolae_ru_sacrificial_ziggurat
D:3:      layout_basic, chequers_ecumenical_altar_simple
D:4:      layout_basic
D:5:      layout_basic, kennysheep_mini, minmay_temple_entry_wispy,
          serial_shops, nicolae_shop_overgrown_old_shop, first_ration
D:6:      layout_loops_cross, gup_sewer_entry_pipe, uniq_grinder
D:7:      layout_cave_pods, ashenzari_conservatory_becter, grunt_ogre_cave,
          uniq_duvessa, uniq_menkaure, uniq_prince_ribbit1, uniq_harold
D:8:      layout_basic, nicolae_dithmenos_the_darkroom,
          chequers_ossuary_entry_cave
D:9:      layout_roguey, gammafunk_temple_overflow_pools, david_lair_shrubbed,
          david_orc_4, uniq_joseph, uniq_psyche
D:10:     layout_gridville, serial_shops, shop, nicolae_shop_statue_plus, shop,
          kennysheep_mini_moat, nicolae_shop_window_shopping,
          kennysheep_another_room
D:11:     layout_basic, serial_shops, shop, gammafunk_ghost_berserking_beasts,
          uniq_grum
D:12:     layout_roguey
D:13:     wad_bat_island, layout_long_grid, lightli_vaults_fourway_checkpoint,
          gammafunk_ghost_crypt, enter_bailey_3, elves_outpost_lemuel,
          uniq_maurice, uniq_frances, uniq_jorgrun, uniq_rupert
D:14:     layout_loops_ring, nicolae_two_hexagons
D:15:     hangedman_depths_entry_try_elsewhere_first, layout_cave_pods,
          serial_shops, nicolae_shop_behind_doors, shop, shop
Temple:   minmay_temple_bridge_d
Lair:1:   layout_chaotic_city
Lair:2:   layout_long_grid, minmay_snake_entry_guardpost_small
Lair:3:   layout_concentric_octagons, minmay_swamp_entry_swarm
Lair:4:   layout_small_grid, grunt_forest_small_clearings,
          infiniplex_staircase_pool, serial_bayou_shore_b, lemuel_fruit_fields,
          serial_bayou_shore_a, grunt_megastairs_5, minmay_lair_oklob_chamber
Lair:5:   minmay_lair_venomous_thicket, layout_loops_ring, st_stairs_5
Lair:6:   grunt_lair_end_beastmaster, layout_loops_ring,
          minmay_slime_entry_oklob_enclosed, gammafunk_ghost_ooze
Swamp:1:  layout_basic_swamp, evilmike_swamp_ruin_rubble_1, swamp_pool5,
          statue_in_the_mist_lemuel
Swamp:2:  layout_falls_marsh, nicolae_swamp_very_dense_foliage, swamp_pool5
Swamp:3:  layout_falls_marsh, evilmike_swamp_ruin_house_4, swamp_pool1,
          uniq_louise
Swamp:4:  swamp_basic_johnstein, layout_basic_swamp
Snake:1:  layout_layer_cave, serial_shops, shop, serial_bayou_ford_a
Snake:2:  layout_misc_corridors, minmay_shop_grove
Snake:3:  layout_chambers, gammafunk_ghost_grave, abandoned_shop,
          lemuel_fruit_tree, minmay_shop_star
Snake:4:  grunt_snake_rune_pools, layout_rooms, basic_altar, serial_shops, shop,
          uniq_nikola
Slime:1:  layout_caves
Slime:2:  layout_caves
Slime:3:  layout_caves
Slime:4:  layout_caves
Slime:5
Orc:1:    layout_caves, bloody_makhleb
Orc:2:    st_orc_rangers, layout_diamond_mine, gammafunk_ghost_cemetery,
          nicolae_orc_bridge_out
Elf:1:    eino_elf_arrival_the_gate, layout_loops_cross, basic_altar,
          serial_shops, shop, kennysheep_underground_church
Elf:2:    layout_rooms, serial_shops, shop
Elf:3:    minmay_elf_hall_not_hex, layout_loops_corners, uniq_saint_roka,
          uniq_aizul
Vaults:1: v_alt_pattern_2, v_misc_30, hangedman_vaults_river_flow,
          nicolae_vaults_circle_grid_a, nicolae_vaults_arrows,
          hangedman_vaults_stitches, v_misc_2, vaults_room_stairs_pillars,
          ontoclasm_vaults_hangar, ontoclasm_vaults_loading_screen,
          layout_vaults_omnibox
Vaults:2: hangedman_vaults_stream, dpeg_vaults_monster_row, v_misc_24,
          nicolae_vaults_puzzle_piece, ontoclasm_vaults_tryst,
          hangedman_vaults_slither, grunt_vaults_funnel,
          nicolae_vaults_disjoint_gnomons, vaults_room_large_hall,
          vaults_dpeg_encased_lava, nicolae_vaults_little_squares_6,
          layout_vaults_maze_bifur, uniq_margery
Vaults:3: ontoclasm_vaults_twist, vaults_dpeg_ring,
          minmay_crypt_entry_necro_gods, v_alt_pattern_1,
          vaults_room_semicircle, v_rooms_5, v_misc_14, ontoclasm_vaults_eye,
          vaults_room_hangedman_quadrants, nicolae_vaults_little_squares_2,
          hangedman_vaults_trim, layout_vaults_omnigrid, uniq_frederick
Vaults:4: v_misc_18, vaults_dpeg_hooks, vaults_mumra_hexcomb, v_pattern_5,
          v_misc_27, nicolae_vaults_little_ls, grunt_vaults_hallway_long,
          nicolae_vaults_little_squares_6, nicolae_vaults_border_crossing,
          layout_vaults_big_room
Vaults:5: serial_shops, uniq_xtahua
Crypt:1:  layout_gridlike, uniq_mara
Crypt:2:  cheibrodos_crypt_eye_of_stone, layout_rooms, grunt_ministairs_15
Crypt:3:  quadcrypt_mu
Tomb:1
Depths:1: layout_roguey, hangedman_decor_points, gammafunk_ghost_tricky_traps,
          hell_entry, grunt_ministairs_2, lemuel_flamethrower_hall
Depths:2: minmay_central_circle, layout_gridlike,
          ploomutoo_gammafunk_ghost_potion_laboratory, hell_entry,
          abandoned_shop, minmay_staircase_windowed_large, serial_bayou_shore_b
Depths:3: kennysheep_ambush_hall, layout_cross, rand_demon_pan_entry_4,
          mu_enter_wizlab_6, hell_entry, infiniplex_staircase_zigzag_4
Depths:4: minmay_the_grid_square_5x5_5x5_mashed
          [minmay_the_grid_square_5x5_bite,
          minmay_the_grid_square_5x5_fancy_junction,
          minmay_the_grid_square_5x5_beaten_path,
          minmay_the_grid_square_5x5_seven,
          minmay_the_grid_square_5x5_almost_minimal,
          minmay_the_grid_square_5x5_trominoes,
          minmay_the_grid_square_5x5_prize_monsterx,
          minmay_the_grid_square_5x5_sharp_hourglass,
          minmay_the_grid_square_5x5_prize_pseudospiral,
          minmay_the_grid_square_5x5_shrine2, minmay_the_grid_square_5x5_eight,
          minmay_the_grid_square_5x5_lines,
          minmay_the_grid_square_5x5_prize_gold,
          minmay_the_grid_square_5x5_minivault,
          minmay_the_grid_square_5x5_inverted_slash,
          minmay_the_grid_square_5x5_misaligned,
          minmay_the_grid_square_5x5_prize_deathbox,
          minmay_the_grid_square_5x5_spiral,
          minmay_the_grid_square_5x5_prize_junk,
          minmay_the_grid_square_5x5_hourglass,
          minmay_the_grid_square_5x5_inner_v,
          minmay_the_grid_square_5x5_two_walls_b,
          minmay_the_grid_square_5x5_checkered_statues,
          minmay_the_grid_square_5x5_inset,
          minmay_the_grid_square_5x5_eight_small], layout_gridlike,
          hex_intersection, hell_entry, pan_entry,
          nicolae_abyss_entry_one_way_or_another, serial_shops,
          kennysheep_little_box, abandoned_shop, minmay_shoptagon,
          minmay_staircase_windowed_small
Depths:5: grunt_zot_entry_tricorne, layout_cave_pools, enter_ziggurat_a,
          serial_shops, nicolae_shop_trees, enter_trove_2,
          rand_demon_pan_entry_9, minmay_misc_feat_ornament, hell_entry,
          ebering_ghost_rock_garden
Hell
Dis:1:    layout_gridville
Dis:2:    layout_gridville, grunt_dis_stairs_iron_hall
Dis:3:    layout_subdivisions
Dis:4:    layout_gridville
Dis:5:    layout_regular_city
Dis:6:    lemuel_dis_dragons, layout_overlapping_boxes,
          hangedman_dis_decor_blocks_talon, hangedman_dis_chains
Dis:7:    iron_city_of_dis [dis_grunt, dis_wall_6], layout_chaotic_city
Geh:1:    layout_gehenna_pools_basic
Geh:2:    layout_gehenna_lava_caves
Geh:3:    minmay_firetagon, layout_gehenna_pools_triple
Geh:4:    layout_gehenna_lava_caves
Geh:5:    layout_gehenna_pools_basic, hangedman_elemental_corridor
Geh:6:    layout_gehenna_pools_triple
Geh:7:    evilmike_geh
Coc:1:    layout_ice_bergs
Coc:2:    layout_cocytus_water_paths, lemuel_elevator
Coc:3:    layout_cocytus_water_paths
Coc:4:    layout_cocytus_water_paths
Coc:5:    layout_cocytus_water_paths
Coc:6:    layout_ice_bergs
Coc:7:    coc_grunt_cove [coc_grunt_cove_antaeus, coc_grunt_cove_fiend,
          coc_grunt_cove_fiend, coc_grunt_cove_fiend, coc_grunt_cove_fiend]
Tar:1:    layout_cathedral_of_symmetry
Tar:2:    layout_grid_maze
Tar:3:    layout_grid_maze
Tar:4:    layout_honeycomb
Tar:5:    layout_honeycomb
Tar:6:    layout_grid_maze
Tar:7:    tar_minmay_river
Zot:1:    layout_misc_corridors, grunt_megastairs_3
Zot:2:    kennysheep_room_grid, layout_twisted_circle, grunt_ministairs_1,
          hangedman_zot_decor_slant
Zot:3:    circus_mu, layout_basic, skrybe_zot_glass_1
Zot:4:    gammafunk_dig_for_victory, layout_twisted_circle
Zot:5:    layout_misc_corridors
Zig:19

Skill      XL: |  1  2  3  4  5  6  7  8  9 10 11 12 13 14 15 16 17 18 19 20 21 22 23 24 25 26 27 |
---------------+----------------------------------------------------------------------------------+-----
Axes           | 4 5 6 7 8 10 12 13 14 15 16 18 19 20 21 22 23 24 25 27 | 27.0
Fighting       | 4 5 6 7 8 9 11 12 13 14 15 16 17 18 19 21 22 23 24 25 27 | 27.0
Dodging        | 3 4 5 6 7 8 9 10 12 13 14 15 16 17 18 19 27 | 27.0
Stealth        | 1 3 4 27 | 27.0
Armour         | 4 8 10 12 14 15 16 17 18 19 20 21 27 | 27.0
Shields        | 1 2 4 5 7 9 10 13 14 15 16 17 19 20 22 23 25 26 27 | 27.0
Invocations    | 2 8 11 13 | 13.7
Evocations     | 27 | 27.0
Polearms       | 24 | 24.0
Maces & Flails | 22 | 22.8
Throwing       | 18 | 18.1

Action                   |  1- 3 |  4- 6 |  7- 9 | 10-12 | 13-15 | 16-18 | 19-21 | 22-24 | 25-27 || total
-------------------------+-------+-------+-------+-------+-------+-------+-------+-------+-------++-------
Melee: Hand axe          |    66 |   122 |   232 |   565 |   590 |       |       |       |  6705 ||  8280
       Headbutt          |    13 |    22 |    39 |   146 |   398 |   419 |   335 |   466 |  4270 ||  6108
       Whip              |       |       |       |       |   273 |       |       |       |       ||   273
       Broad axe         |       |       |       |       |   370 |   766 |  1275 |  1255 |  2429 ||  6095
       War axe           |       |       |       |       |    29 |   643 |       |       |       ||   672
       Peck              |       |       |       |       |       |       |       |    20 |       ||    20
       Lance             |       |       |       |       |       |       |       |       |  3295 ||  3295
       Maul              |       |       |       |       |       |       |       |       |     9 ||     9
Invok: Berserk           |     1 |       |     4 |     6 |    19 |    11 |     8 |     4 |    55 ||   108
       Trog's Hand       |     1 |       |     1 |     2 |     9 |     8 |     6 |    12 |   125 ||   164
       Brothers in Arms  |       |       |       |     4 |    19 |    16 |     8 |    22 |    71 ||   140
 Abil: Evoke Flight      |       |       |       |       |       |       |       |       |     9 ||     9
       Evoke Invisibilit |       |       |       |       |       |       |       |       |     1 ||     1
Evoke: Box of beasts     |       |       |       |       |       |       |       |       |     6 ||     6
       Wand              |       |       |       |       |       |       |       |       |     4 ||     4
       Tin of tremorston |       |       |       |       |       |       |       |       |     2 ||     2
       Phial of floods   |       |       |       |       |       |       |       |       |     1 ||     1
  Use: Scroll            |       |       |       |     3 |    23 |    21 |    15 |    20 |    40 ||   122
       Potion            |       |       |       |       |       |     3 |       |    15 |    58 ||    76
 Stab: Sleeping          |     1 |       |     5 |       |       |       |       |       |    11 ||    17
       Distracted        |       |       |       |     1 |     3 |       |     1 |       |    48 ||    53
       Confused          |       |       |       |       |     1 |     2 |       |       |     6 ||     9
       Petrified         |       |       |       |       |       |       |       |       |     1 ||     1
  Eat: Chunk             |     1 |     9 |    10 |    27 |    37 |    27 |    32 |    21 |    96 ||   260
       Ration            |       |       |     2 |     2 |    11 |    13 |     7 |    10 |    85 ||   130
Armor: Animal skin       |     8 |    10 |     7 |       |       |       |       |       |       ||    25
       Ring mail         |       |       |     5 |       |       |       |       |       |       ||     5
       Chain mail        |       |       |    33 |   120 |    46 |       |       |       |       ||   199
       Plate armour      |       |       |       |       |   454 |   439 |   252 |    11 |       ||  1156
       Gold dragon scale |       |       |       |       |       |       |       |   330 |  1851 ||  2181
Dodge: Dodged            |    51 |    68 |   131 |   283 |   563 |   732 |   387 |   333 |  2281 ||  4829
Block: Buckler           |       |       |    12 |    75 |   178 |       |       |       |       ||   265
       Kite shield       |       |       |       |       |   321 |  1021 |   435 |       |       ||  1777
       Tower shield      |       |       |       |       |       |       |   420 |  1471 | 10152 || 12043
       Reflection        |       |       |       |       |       |       |    10 |    81 |    80 ||   171
